Workbook
Name T9_LEA_Name: 'PIMS LEA'!$B$2:$B$659
Name T9_Sch: 'Page 1 - General Information'!$H$4996:$H$5176
Name T9_02: 'Page 1 - General Information'!$K$4996:$K$4998

Sheet Page 1 - General Information
E4: =" INTERSCHOLASTIC ATHLETIC OPPORTUNITIES DISCLOSURE FORM "&M7 -> INTERSCHOLASTIC ATHLETIC OPPORTUNITIES DISCLOSURE FORM 26.1
E5: 2025-26 School Year
E7: Page 1 - Section 1: General Information | L7: Ver | M7: 26.1
E9: LEA & School Information
E10: LEA Name: | G10: Upper Merion Area SD
E12: LEA AUN: | G12: =IF(ISERROR(VLOOKUP(G10,'PIMS LEA'!$B$1:$D$784,2,FALSE)),"",(VLOOKUP(G10,'PIMS LEA'!$B$1:$D$784,2,FALSE))) -> 123468402
E14: School Name: | G14: Upper Merion HS
E16: School Number: | G16: =IF(ISERROR(VLOOKUP(G12&G14,'PIMS School'!$D$1:$J$1463,7,FALSE)),"",(VLOOKUP(G12&G14,'PIMS School'!$D$1:$J$1463,7,FALSE))) -> 3395
E18: School Enrollment Data
H20: Grade | J20: Boys | K20: Girls | L20: Total
H21: 7th | J21: =IF(ISERROR(VLOOKUP($G$12&$G$16,'Enrollment Report'!$A$3:$N$2989,3,FALSE)),0,(VLOOKUP($G$12&$G$16,'Enrollment Report'!$A$3:$N$2989,3,FALSE))) | K21: =IF(ISERROR(VLOOKUP($G$12&$G$16,'Enrollment Report'!$A$3:$N$2989,2,FALSE)),0,(VLOOKUP($G$12&$G$16,'Enrollment Report'!$A$3:$N$2989,2,FALSE))) | L21: =J21+K21 -> 0
H22: 8th | J22: =IF(ISERROR(VLOOKUP($G$12&$G$16,'Enrollment Report'!$A$3:$N$2989,5,FALSE)),0,(VLOOKUP($G$12&$G$16,'Enrollment Report'!$A$3:$N$2989,5,FALSE))) | K22: =IF(ISERROR(VLOOKUP($G$12&$G$16,'Enrollment Report'!$A$3:$N$2989,4,FALSE)),0,(VLOOKUP($G$12&$G$16,'Enrollment Report'!$A$3:$N$2989,4,FALSE))) | L22: =J22+K22 -> 0
H23: 9th | J23: =IF(ISERROR(VLOOKUP($G$12&$G$16,'Enrollment Report'!$A$3:$N$2989,7,FALSE)),0,(VLOOKUP($G$12&$G$16,'Enrollment Report'!$A$3:$N$2989,7,FALSE))) -> 163 | K23: =IF(ISERROR(VLOOKUP($G$12&$G$16,'Enrollment Report'!$A$3:$N$2989,6,FALSE)),0,(VLOOKUP($G$12&$G$16,'Enrollment Report'!$A$3:$N$2989,6,FALSE))) -> 173 | L23: =J23+K23 -> 336
H24: 10th | J24: =IF(ISERROR(VLOOKUP($G$12&$G$16,'Enrollment Report'!$A$3:$N$2989,9,FALSE)),0,(VLOOKUP($G$12&$G$16,'Enrollment Report'!$A$3:$N$2989,9,FALSE))) -> 162 | K24: =IF(ISERROR(VLOOKUP($G$12&$G$16,'Enrollment Report'!$A$3:$N$2989,8,FALSE)),0,(VLOOKUP($G$12&$G$16,'Enrollment Report'!$A$3:$N$2989,8,FALSE))) -> 166 | L24: =J24+K24 -> 328
H25: 11th | J25: =IF(ISERROR(VLOOKUP($G$12&$G$16,'Enrollment Report'!$A$3:$N$2989,11,FALSE)),0,(VLOOKUP($G$12&$G$16,'Enrollment Report'!$A$3:$N$2989,11,FALSE))) -> 176 | K25: =IF(ISERROR(VLOOKUP($G$12&$G$16,'Enrollment Report'!$A$3:$N$2989,10,FALSE)),0,(VLOOKUP($G$12&$G$16,'Enrollment Report'!$A$3:$N$2989,10,FALSE))) -> 149 | L25: =J25+K25 -> 325
H26: 12th | J26: =IF(ISERROR(VLOOKUP($G$12&$G$16,'Enrollment Report'!$A$3:$N$2989,13,FALSE)),0,(VLOOKUP($G$12&$G$16,'Enrollment Report'!$A$3:$N$2989,13,FALSE))) -> 188 | K26: =IF(ISERROR(VLOOKUP($G$12&$G$16,'Enrollment Report'!$A$3:$N$2989,12,FALSE)),0,(VLOOKUP($G$12&$G$16,'Enrollment Report'!$A$3:$N$2989,12,FALSE))) -> 167 | L26: =J26+K26 -> 355
H27: Total | J27: =SUM(J21:J26) -> 689 | K27: =SUM(K21:K26) -> 655 | L27: =SUM(L21:L26) -> 1344
E29: Contact Information
E30: Name of LEAs Title IX Compliance Officer: | G30: Caitlin Navarro
E31: Telephone Number: | G31: 610-205-6428 | L31: Extension:
E32: Email Address: | G32: cnavarro@umasd.org
E34: Name of Individual Completing This Form: | G34: Michael Fabrizio
E35: Telephone Number: | G35: 610-205-3981 | L35: Extension:
E36: Email Address: | G36: mfabrizio@umasd.org
E38: Interscholastic Team Sponsorship
E39: Does This School Sponsor Any Interscholastic Athletic Teams? (Yes or No) | G39: Yes
E40: If Your Answer To The Above Question Is No, Stop! If You Have Athletes Playing For Another School, Please Explain On Page 4. Otherwise, You Do Not Need To Complete The Remainder Of The Survey For This School. Please Submit Per The Instructions Provided.
G4994: T9_Sch & T9_Number | K4994: T9_02
H4996: [Make Selection From Drop-Down List ] | I4996: 0000 | K4996: [Make Selection From Drop-Down List ]
D4997: 1 | G4997: 1 | H4997: =IF(ISERROR(VLOOKUP($G$12&$G4997,'PIMS School'!$C$1:$R$1467,7,FALSE)),"",(VLOOKUP($G$12&$G4997,'PIMS School'!$C$1:$R$1467,7,FALSE))) -> Upper Merion MS | I4997: =IF(ISERROR(VLOOKUP($G$12&$G4997,'PIMS School'!$C$1:$R$1467,8,FALSE)),"",(VLOOKUP($G$12&$G4997,'PIMS School'!$C$1:$R$1467,8,FALSE))) -> 3394 | K4997: Yes
G4998: 2 | H4998: =IF(ISERROR(VLOOKUP($G$12&$G4998,'PIMS School'!$C$1:$R$1467,7,FALSE)),"",(VLOOKUP($G$12&$G4998,'PIMS School'!$C$1:$R$1467,7,FALSE))) -> Upper Merion HS | I4998: =IF(ISERROR(VLOOKUP($G$12&$G4998,'PIMS School'!$C$1:$R$1467,8,FALSE)),"",(VLOOKUP($G$12&$G4998,'PIMS School'!$C$1:$R$1467,8,FALSE))) -> 3395 | K4998: No
G4999: 3 | H4999: =IF(ISERROR(VLOOKUP($G$12&$G4999,'PIMS School'!$C$1:$R$1467,7,FALSE)),"",(VLOOKUP($G$12&$G4999,'PIMS School'!$C$1:$R$1467,7,FALSE))) | I4999: =IF(ISERROR(VLOOKUP($G$12&$G4999,'PIMS School'!$C$1:$R$1467,8,FALSE)),"",(VLOOKUP($G$12&$G4999,'PIMS School'!$C$1:$R$1467,8,FALSE)))
G5000: 4 | H5000: =IF(ISERROR(VLOOKUP($G$12&$G5000,'PIMS School'!$C$1:$R$1467,7,FALSE)),"",(VLOOKUP($G$12&$G5000,'PIMS School'!$C$1:$R$1467,7,FALSE))) | I5000: =IF(ISERROR(VLOOKUP($G$12&$G5000,'PIMS School'!$C$1:$R$1467,8,FALSE)),"",(VLOOKUP($G$12&$G5000,'PIMS School'!$C$1:$R$1467,8,FALSE)))
G5001: 5 | H5001: =IF(ISERROR(VLOOKUP($G$12&$G5001,'PIMS School'!$C$1:$R$1467,7,FALSE)),"",(VLOOKUP($G$12&$G5001,'PIMS School'!$C$1:$R$1467,7,FALSE))) | I5001: =IF(ISERROR(VLOOKUP($G$12&$G5001,'PIMS School'!$C$1:$R$1467,8,FALSE)),"",(VLOOKUP($G$12&$G5001,'PIMS School'!$C$1:$R$1467,8,FALSE)))
G5002: 6 | H5002: =IF(ISERROR(VLOOKUP($G$12&$G5002,'PIMS School'!$C$1:$R$1467,7,FALSE)),"",(VLOOKUP($G$12&$G5002,'PIMS School'!$C$1:$R$1467,7,FALSE))) | I5002: =IF(ISERROR(VLOOKUP($G$12&$G5002,'PIMS School'!$C$1:$R$1467,8,FALSE)),"",(VLOOKUP($G$12&$G5002,'PIMS School'!$C$1:$R$1467,8,FALSE)))
G5003: 7 | H5003: =IF(ISERROR(VLOOKUP($G$12&$G5003,'PIMS School'!$C$1:$R$1467,7,FALSE)),"",(VLOOKUP($G$12&$G5003,'PIMS School'!$C$1:$R$1467,7,FALSE))) | I5003: =IF(ISERROR(VLOOKUP($G$12&$G5003,'PIMS School'!$C$1:$R$1467,8,FALSE)),"",(VLOOKUP($G$12&$G5003,'PIMS School'!$C$1:$R$1467,8,FALSE)))
G5004: 8 | H5004: =IF(ISERROR(VLOOKUP($G$12&$G5004,'PIMS School'!$C$1:$R$1467,7,FALSE)),"",(VLOOKUP($G$12&$G5004,'PIMS School'!$C$1:$R$1467,7,FALSE))) | I5004: =IF(ISERROR(VLOOKUP($G$12&$G5004,'PIMS School'!$C$1:$R$1467,8,FALSE)),"",(VLOOKUP($G$12&$G5004,'PIMS School'!$C$1:$R$1467,8,FALSE)))
G5005: 9 | H5005: =IF(ISERROR(VLOOKUP($G$12&$G5005,'PIMS School'!$C$1:$R$1467,7,FALSE)),"",(VLOOKUP($G$12&$G5005,'PIMS School'!$C$1:$R$1467,7,FALSE))) | I5005: =IF(ISERROR(VLOOKUP($G$12&$G5005,'PIMS School'!$C$1:$R$1467,8,FALSE)),"",(VLOOKUP($G$12&$G5005,'PIMS School'!$C$1:$R$1467,8,FALSE)))
G5006: 10 | H5006: =IF(ISERROR(VLOOKUP($G$12&$G5006,'PIMS School'!$C$1:$R$1467,7,FALSE)),"",(VLOOKUP($G$12&$G5006,'PIMS School'!$C$1:$R$1467,7,FALSE))) | I5006: =IF(ISERROR(VLOOKUP($G$12&$G5006,'PIMS School'!$C$1:$R$1467,8,FALSE)),"",(VLOOKUP($G$12&$G5006,'PIMS School'!$C$1:$R$1467,8,FALSE)))
G5007: 11 | H5007: =IF(ISERROR(VLOOKUP($G$12&$G5007,'PIMS School'!$C$1:$R$1467,7,FALSE)),"",(VLOOKUP($G$12&$G5007,'PIMS School'!$C$1:$R$1467,7,FALSE))) | I5007: =IF(ISERROR(VLOOKUP($G$12&$G5007,'PIMS School'!$C$1:$R$1467,8,FALSE)),"",(VLOOKUP($G$12&$G5007,'PIMS School'!$C$1:$R$1467,8,FALSE)))
G5008: 12 | H5008: =IF(ISERROR(VLOOKUP($G$12&$G5008,'PIMS School'!$C$1:$R$1467,7,FALSE)),"",(VLOOKUP($G$12&$G5008,'PIMS School'!$C$1:$R$1467,7,FALSE))) | I5008: =IF(ISERROR(VLOOKUP($G$12&$G5008,'PIMS School'!$C$1:$R$1467,8,FALSE)),"",(VLOOKUP($G$12&$G5008,'PIMS School'!$C$1:$R$1467,8,FALSE)))
G5009: 13 | H5009: =IF(ISERROR(VLOOKUP($G$12&$G5009,'PIMS School'!$C$1:$R$1467,7,FALSE)),"",(VLOOKUP($G$12&$G5009,'PIMS School'!$C$1:$R$1467,7,FALSE))) | I5009: =IF(ISERROR(VLOOKUP($G$12&$G5009,'PIMS School'!$C$1:$R$1467,8,FALSE)),"",(VLOOKUP($G$12&$G5009,'PIMS School'!$C$1:$R$1467,8,FALSE)))
G5010: 14 | H5010: =IF(ISERROR(VLOOKUP($G$12&$G5010,'PIMS School'!$C$1:$R$1467,7,FALSE)),"",(VLOOKUP($G$12&$G5010,'PIMS School'!$C$1:$R$1467,7,FALSE))) | I5010: =IF(ISERROR(VLOOKUP($G$12&$G5010,'PIMS School'!$C$1:$R$1467,8,FALSE)),"",(VLOOKUP($G$12&$G5010,'PIMS School'!$C$1:$R$1467,8,FALSE)))
... G5279: 283 | H5279: =IF(ISERROR(VLOOKUP($G$12&$G5279,'PIMS School'!$C$1:$R$1467,7,FALSE)),"",(VLOOKUP($G$12&$G5279,'PIMS School'!$C$1:$R$1467,7,FALSE))) | I5279: =IF(ISERROR(VLOOKUP($G$12&$G5279,'PIMS School'!$C$1:$R$1467,8,FALSE)),"",(VLOOKUP($G$12&$G5279,'PIMS School'!$C$1:$R$1467,8,FALSE)))

Sheet Page 2 - Team Information
E4: ='Page 1 - General Information'!E4 -> INTERSCHOLASTIC ATHLETIC OPPORTUNITIES DISCLOSURE FORM 26.1
E5: ='Page 1 - General Information'!E5 -> 2025-26 School Year
G7: =IF('Page 1 - General Information'!G14="[Make Selection From Drop-Down List ]","",("School: "&'Page 1 - General Information'!G14&" - "&'Page 1 - General Information'!G16)) -> School: Upper Merion HS - 3395 | T7: Page 2 - Section 1: Team Information | AI7: =IF('Page 1 - General Information'!G10=" [Make Selection From Drop-Down List ]","",("LEA: "&'Page 1 - General Information'!G10&" - "&'Page 1 - General Information'!G12)) -> LEA: Upper Merion Area SD - 123468402
E9: TEAM MEMBERSHIP | AH9: COACHES & TRAINERS
E10: Sport | G10: Boys/Girls | I10: Level | K10: Total Number of Participants (As Of The Day Of The First Scheduled Team Competition) | O10: Season(s) Team Competes | S10: Team History (Format =YYYY, e.g. 1955) | X10: Total Number of Competitions Scheduled Per Season | AC10: Total Number of Competitions Played Per Season | AH10: NUMBER OF COACHES PER TEAM | AM10: PERCENTAGE OF TIME SPENT BY EACH ATHLETIC TRAINER WITH EACH TEAM
AH11: Head | AJ11: Assistant | AM11: Trainer 1 | AN11: Trainer 2 | AO11: Trainer 3 | AP11: Trainer 4
K12: Boys | L12: Girls | M12: TOTAL | O12: F | P12: W | Q12: S | S12: Year Established 1 | T12: Year of Demotion | U12: Year of Elimination | V12: Year of Reinstatement | X12: F | Y12: W | Z12: S | AA12: Total | AC12: F | AD12: W | AE12: S | AF12: Total | AH12: Full Time | AI12: Part Time | AJ12: Full Time | AK12: Part Time | AM12: =SUM(AM14:AM194) -> 1 | AN12: =SUM(AN14:AN194) -> 1 | AO12: =SUM(AO14:AO194) -> 0 | AP12: =SUM(AP14:AP194) -> 0
K13: 1 | L13: 2 | M13: 3 | N13: 9 | O13: 5 | P13: 6 | Q13: 7 | R13: 22 | S13: 9 | T13: 10 | U13: 11 | V13: 12 | W13: 27 | X13: 14 | Y13: 15 | Z13: 16 | AA13: 17 | AB13: 32 | AC13: 19 | AD13: 20 | AE13: 21 | AF13: 22 | AG13: 37 | AH13: 24 | AI13: 25 | AJ13: 26 | AK13: 27 | AL13: 42 | AM13: 29 | AN13: 30 | AO13: 31 | AP13: 32
D14: 1 | E14: Baseball | G14: Boys | I14: Varsity | K14: 15 | M14: =SUM(K14:L14) -> 15 | Q14: Yes | S14: 1966 | Z14: 19 | AA14: =SUM(X14:Z14) -> 19 | AE14: 19 | AF14: =SUM(AC14:AE14) -> 19 | AI14: 1 | AK14: 2 | AM14: 0.0225 | AN14: 0.0225
D15: 2 | E15: Basketball | G15: Boys | I15: Varsity | K15: 15 | M15: =SUM(K15:L15) -> 15 | P15: Yes | S15: 1966 | Y15: 22 | AA15: =SUM(X15:Z15) -> 22 | AD15: 22 | AF15: =SUM(AC15:AE15) -> 22 | AI15: 1 | AK15: 1 | AM15: 0.0225 | AN15: 0.0225
D16: 3 | E16: Bowling | G16: Boys | I16: Varsity | M16: =SUM(K16:L16) -> 0 | AA16: =SUM(X16:Z16) -> 0 | AF16: =SUM(AC16:AE16) -> 0
D17: 4 | E17: Cross Country | G17: Boys | I17: Varsity | K17: 13 | M17: =SUM(K17:L17) -> 13 | O17: Yes | S17: 1966 | X17: 10 | AA17: =SUM(X17:Z17) -> 10 | AC17: 10 | AF17: =SUM(AC17:AE17) -> 10 | AI17: 1 | AK17: 1 | AM17: 0.0225 | AN17: 0.0225
D18: 5 | E18: Football | G18: Boys | I18: Varsity | K18: 32 | M18: =SUM(K18:L18) -> 32 | O18: Yes | S18: 1966 | X18: 10 | AA18: =SUM(X18:Z18) -> 10 | AC18: 10 | AF18: =SUM(AC18:AE18) -> 10 | AI18: 1 | AK18: 6 | AM18: 0.021 | AN18: 0.021
D19: 6 | E19: Golf | G19: Boys | I19: Varsity | K19: 9 | M19: =SUM(K19:L19) -> 9 | O19: Yes | S19: 1966 | X19: 11 | AA19: =SUM(X19:Z19) -> 11 | AC19: 11 | AF19: =SUM(AC19:AE19) -> 11 | AI19: 1
D20: 7 | E20: Lacrosse | G20: Boys | I20: Varsity | K20: 20 | M20: =SUM(K20:L20) -> 20 | Q20: Yes | S20: 2010 | Z20: 18 | AA20: =SUM(X20:Z20) -> 18 | AE20: 18 | AF20: =SUM(AC20:AE20) -> 18 | AI20: 1 | AK20: 1 | AM20: 0.0225 | AN20: 0.0225
D21: 8 | E21: Rifle | G21: Boys | I21: Varsity | M21: =SUM(K21:L21) -> 0 | AA21: =SUM(X21:Z21) -> 0 | AF21: =SUM(AC21:AE21) -> 0
D22: 9 | E22: Soccer | G22: Boys | I22: Varsity | K22: 23 | M22: =SUM(K22:L22) -> 23 | O22: Yes | S22: 1966 | X22: 18 | AA22: =SUM(X22:Z22) -> 18 | AC22: 18 | AF22: =SUM(AC22:AE22) -> 18 | AI22: 1 | AK22: 1 | AM22: 0.0225 | AN22: 0.0225
D23: 10 | E23: Swimming and Diving | G23: Boys | I23: Varsity | K23: 10 | M23: =SUM(K23:L23) -> 10 | P23: Yes | S23: 1966 | Y23: 12 | AA23: =SUM(X23:Z23) -> 12 | AD23: 12 | AF23: =SUM(AC23:AE23) -> 12 | AI23: 1 | AK23: 1 | AM23: 0.0225 | AN23: 0.0225
D24: 11 | E24: Tennis | G24: Boys | I24: Varsity | K24: 11 | M24: =SUM(K24:L24) -> 11 | Q24: Yes | S24: 1966 | Z24: 11 | AA24: =SUM(X24:Z24) -> 11 | AE24: 11 | AF24: =SUM(AC24:AE24) -> 11 | AI24: 1 | AM24: 0.0225 | AN24: 0.0225
D25: 12 | E25: Track & Field (Indoor) | G25: Boys | I25: Varsity | K25: 57 | M25: =SUM(K25:L25) -> 57 | P25: Yes | S25: 1966 | Y25: 12 | AA25: =SUM(X25:Z25) -> 12 | AD25: 12 | AF25: =SUM(AC25:AE25) -> 12 | AI25: 1 | AK25: 1 | AM25: 0.0225 | AN25: 0.0225
D26: 13 | E26: Track & Field (Outdoor) | G26: Boys | I26: Varsity | K26: 80 | M26: =SUM(K26:L26) -> 80 | Q26: Yes | S26: 1966 | Z26: 12 | AA26: =SUM(X26:Z26) -> 12 | AE26: 12 | AF26: =SUM(AC26:AE26) -> 12 | AI26: 1 | AK26: 2 | AM26: 0.0225 | AN26: 0.0225
D27: 14 | E27: Volleyball | G27: Boys | I27: Varsity | M27: =SUM(K27:L27) -> 0 | AA27: =SUM(X27:Z27) -> 0 | AF27: =SUM(AC27:AE27) -> 0
D28: 15 | E28: Water Polo | G28: Boys | I28: Varsity | K28: 11 | M28: =SUM(K28:L28) -> 11 | O28: Yes | X28: 16 | AA28: =SUM(X28:Z28) -> 16 | AC28: 16 | AF28: =SUM(AC28:AE28) -> 16 | AI28: 1 | AK28: 1 | AM28: 0.0225 | AN28: 0.0225
D29: 16 | E29: Wrestling | G29: Boys | I29: Varsity | K29: 15 | M29: =SUM(K29:L29) -> 15 | N29: y | P29: Yes | S29: 1966 | Y29: 22 | AA29: =SUM(X29:Z29) -> 22 | AD29: 22 | AF29: =SUM(AC29:AE29) -> 22 | AI29: 1 | AK29: 1 | AM29: 0.0225 | AN29: 0.0225
D30: 17 | E30: Baseball | G30: Boys | I30: Jr Varsity | K30: 14 | M30: =SUM(K30:L30) -> 14 | Q30: Yes | S30: 1966 | Z30: 19 | AA30: =SUM(X30:Z30) -> 19 | AE30: 18 | AF30: =SUM(AC30:AE30) -> 18 | AI30: 1 | AK30: 1 | AM30: 0.021 | AN30: 0.021
D31: 18 | E31: Basketball | G31: Boys | I31: Jr Varsity | K31: 10 | M31: =SUM(K31:L31) -> 10 | P31: Yes | S31: 1966 | Y31: 22 | AA31: =SUM(X31:Z31) -> 22 | AD31: 22 | AF31: =SUM(AC31:AE31) -> 22 | AI31: 1 | AM31: 0.021 | AN31: 0.021
D32: 19 | E32: Bowling | G32: Boys | I32: Jr Varsity | M32: =SUM(K32:L32) -> 0 | AA32: =SUM(X32:Z32) -> 0 | AF32: =SUM(AC32:AE32) -> 0
D33: 20 | E33: Cross Country | G33: Boys | I33: Jr Varsity | K33: 14 | M33: =SUM(K33:L33) -> 14 | O33: Yes | S33: 1966 | X33: 10 | AA33: =SUM(X33:Z33) -> 10 | AC33: 10 | AF33: =SUM(AC33:AE33) -> 10 | AK33: 1 | AM33: 0.021 | AN33: 0.021
D34: 21 | E34: Football | G34: Boys | I34: Jr Varsity | K34: 20 | M34: =SUM(K34:L34) -> 20 | O34: Yes | S34: 1966 | X34: 10 | AA34: =SUM(X34:Z34) -> 10 | AC34: 10 | AF34: =SUM(AC34:AE34) -> 10 | AK34: 2 | AM34: 0.021 | AN34: 0.021
D35: 22 | E35: Golf | G35: Boys | I35: Jr Varsity | K35: 8 | L35: 1 | M35: =SUM(K35:L35) -> 9 | O35: Yes | S35: 1966 | X35: 10 | AA35: =SUM(X35:Z35) -> 10 | AC35: 10 | AF35: =SUM(AC35:AE35) -> 10 | AI35: 1 | AM35: 0.021 | AN35: 0.021
D36: 23 | E36: Lacrosse | G36: Boys | I36: Jr Varsity | K36: 15 | M36: =SUM(K36:L36) -> 15 | Q36: Yes | S36: 2010 | Z36: 18 | AA36: =SUM(X36:Z36) -> 18 | AE36: 18 | AF36: =SUM(AC36:AE36) -> 18 | AI36: 1 | AM36: 0.021 | AN36: 0.021
D37: 24 | E37: Rifle | G37: Boys | I37: Jr Varsity | M37: =SUM(K37:L37) -> 0 | AA37: =SUM(X37:Z37) -> 0 | AF37: =SUM(AC37:AE37) -> 0
D38: 25 | E38: Soccer | G38: Boys | I38: Jr Varsity | K38: 20 | M38: =SUM(K38:L38) -> 20 | O38: Yes | S38: 1966 | Z38: 18 | AA38: =SUM(X38:Z38) -> 18 | AE38: 18 | AF38: =SUM(AC38:AE38) -> 18 | AI38: 1 | AM38: 0.021 | AN38: 0.021
D39: 26 | E39: Swimming and Diving | G39: Boys | I39: Jr Varsity | M39: =SUM(K39:L39) -> 0 | AA39: =SUM(X39:Z39) -> 0 | AF39: =SUM(AC39:AE39) -> 0
D40: 27 | E40: Tennis | G40: Boys | I40: Jr Varsity | K40: 10 | M40: =SUM(K40:L40) -> 10 | Q40: Yes | S40: 1966 | Z40: 11 | AA40: =SUM(X40:Z40) -> 11 | AE40: 11 | AF40: =SUM(AC40:AE40) -> 11 | AI40: 1 | AM40: 0.021 | AN40: 0.021
D41: 28 | E41: Track & Field (Indoor) | G41: Boys | I41: Jr Varsity | M41: =SUM(K41:L41) -> 0 | AA41: =SUM(X41:Z41) -> 0 | AF41: =SUM(AC41:AE41) -> 0
D42: 29 | E42: Track & Field (Outdoor) | G42: Boys | I42: Jr Varsity | M42: =SUM(K42:L42) -> 0 | AA42: =SUM(X42:Z42) -> 0 | AF42: =SUM(AC42:AE42) -> 0
D43: 30 | E43: Volleyball | G43: Boys | I43: Jr Varsity | M43: =SUM(K43:L43) -> 0 | AA43: =SUM(X43:Z43) -> 0 | AF43: =SUM(AC43:AE43) -> 0
D44: 31 | E44: Water Polo | G44: Boys | I44: Jr Varsity | M44: =SUM(K44:L44) -> 0 | AA44: =SUM(X44:Z44) -> 0 | AF44: =SUM(AC44:AE44) -> 0
D45: 32 | E45: Wrestling | G45: Boys | I45: Jr Varsity | K45: 14 | M45: =SUM(K45:L45) -> 14 | P45: Yes | S45: 1966 | Y45: 7 | AA45: =SUM(X45:Z45) -> 7 | AD45: 7 | AF45: =SUM(AC45:AE45) -> 7 | AK45: 1 | AM45: 0.021 | AN45: 0.021
D46: 33 | E46: Baseball | G46: Boys | I46: Freshman | M46: =SUM(K46:L46) -> 0 | AA46: =SUM(X46:Z46) -> 0 | AF46: =SUM(AC46:AE46) -> 0
D47: 34 | E47: Basketball | G47: Boys | I47: Freshman | K47: 12 | M47: =SUM(K47:L47) -> 12 | P47: Yes | S47: 1966 | Y47: 16 | AA47: =SUM(X47:Z47) -> 16 | AD47: 16 | AF47: =SUM(AC47:AE47) -> 16 | AI47: 1 | AM47: 0.021 | AN47: 0.021
D48: 35 | E48: Bowling | G48: Boys | I48: Freshman | M48: =SUM(K48:L48) -> 0 | AA48: =SUM(X48:Z48) -> 0 | AF48: =SUM(AC48:AE48) -> 0
D49: 36 | E49: Cross Country | G49: Boys | I49: Freshman | M49: =SUM(K49:L49) -> 0 | AA49: =SUM(X49:Z49) -> 0 | AF49: =SUM(AC49:AE49) -> 0
D50: 37 | E50: Football | G50: Boys | I50: Freshman | M50: =SUM(K50:L50) -> 0 | AA50: =SUM(X50:Z50) -> 0 | AF50: =SUM(AC50:AE50) -> 0
D51: 38 | E51: Golf | G51: Boys | I51: Freshman | M51: =SUM(K51:L51) -> 0 | AA51: =SUM(X51:Z51) -> 0 | AF51: =SUM(AC51:AE51) -> 0
D52: 39 | E52: Lacrosse | G52: Boys | I52: Freshman | M52: =SUM(K52:L52) -> 0 | AA52: =SUM(X52:Z52) -> 0 | AF52: =SUM(AC52:AE52) -> 0
D53: 40 | E53: Rifle | G53: Boys | I53: Freshman | M53: =SUM(K53:L53) -> 0 | AA53: =SUM(X53:Z53) -> 0 | AF53: =SUM(AC53:AE53) -> 0
D54: 41 | E54: Soccer | G54: Boys | I54: Freshman | K54: 18 | M54: =SUM(K54:L54) -> 18 | O54: Yes | S54: 1966 | X54: 15 | AA54: =SUM(X54:Z54) -> 15 | AC54: 14 | AF54: =SUM(AC54:AE54) -> 14 | AI54: 1 | AM54: 0.021 | AN54: 0.021
D55: 42 | E55: Swimming and Diving | G55: Boys | I55: Freshman | M55: =SUM(K55:L55) -> 0 | AA55: =SUM(X55:Z55) -> 0 | AF55: =SUM(AC55:AE55) -> 0
D56: 43 | E56: Tennis | G56: Boys | I56: Freshman | M56: =SUM(K56:L56) -> 0 | AA56: =SUM(X56:Z56) -> 0 | AF56: =SUM(AC56:AE56) -> 0
D57: 44 | E57: Track & Field (Indoor) | G57: Boys | I57: Freshman | M57: =SUM(K57:L57) -> 0 | AA57: =SUM(X57:Z57) -> 0 | AF57: =SUM(AC57:AE57) -> 0
D58: 45 | E58: Track & Field (Outdoor) | G58: Boys | I58: Freshman | M58: =SUM(K58:L58) -> 0 | AA58: =SUM(X58:Z58) -> 0 | AF58: =SUM(AC58:AE58) -> 0
D59: 46 | E59: Volleyball | G59: Boys | I59: Freshman | M59: =SUM(K59:L59) -> 0 | AA59: =SUM(X59:Z59) -> 0 | AF59: =SUM(AC59:AE59) -> 0
D60: 47 | E60: Water Polo | G60: Boys | I60: Freshman | M60: =SUM(K60:L60) -> 0 | AA60: =SUM(X60:Z60) -> 0 | AF60: =SUM(AC60:AE60) -> 0
D61: 48 | E61: Wrestling | G61: Boys | I61: Freshman | M61: =SUM(K61:L61) -> 0 | AA61: =SUM(X61:Z61) -> 0 | AF61: =SUM(AC61:AE61) -> 0
D62: 49 | E62: Baseball | G62: Boys | I62: 8th Grade | M62: =SUM(K62:L62) -> 0 | AA62: =SUM(X62:Z62) -> 0 | AF62: =SUM(AC62:AE62) -> 0
D63: 50 | E63: Basketball | G63: Boys | I63: 8th Grade | M63: =SUM(K63:L63) -> 0 | AA63: =SUM(X63:Z63) -> 0 | AF63: =SUM(AC63:AE63) -> 0
D64: 51 | E64: Bowling | G64: Boys | I64: 8th Grade | M64: =SUM(K64:L64) -> 0 | AA64: =SUM(X64:Z64) -> 0 | AF64: =SUM(AC64:AE64) -> 0
D65: 52 | E65: Cross Country | G65: Boys | I65: 8th Grade | M65: =SUM(K65:L65) -> 0 | AA65: =SUM(X65:Z65) -> 0 | AF65: =SUM(AC65:AE65) -> 0
D66: 53 | E66: Football | G66: Boys | I66: 8th Grade | M66: =SUM(K66:L66) -> 0 | AA66: =SUM(X66:Z66) -> 0 | AF66: =SUM(AC66:AE66) -> 0
... D93: 80 | E93: Wrestling | G93: Boys | I93: 7th Grade | M93: =SUM(K93:L93) -> 0 | AA93: =SUM(X93:Z93) -> 0 | AF93: =SUM(AC93:AE93) -> 0
D94: 81 | E94: Basketball | G94: Girls | I94: Varsity | L94: 9 | M94: =SUM(K94:L94) -> 9 | P94: Yes | S94: 1966 | Y94: 22 | AA94: =SUM(X94:Z94) -> 22 | AD94: 22 | AF94: =SUM(AC94:AE94) -> 22 | AI94: 1 | AK94: 1 | AM94: 0.0225 | AN94: 0.0225
D95: 82 | E95: Bowling | G95: Girls | I95: Varsity | M95: =SUM(K95:L95) -> 0 | AA95: =SUM(X95:Z95) -> 0 | AF95: =SUM(AC95:AE95) -> 0
D96: 83 | E96: Competitive Spirit | G96: Girls | I96: Varsity | L96: 30 | M96: =SUM(K96:L96) -> 30 | P96: Yes | S96: 2013 | Y96: 8 | AA96: =SUM(X96:Z96) -> 8 | AD96: 8 | AF96: =SUM(AC96:AE96) -> 8 | AI96: 1 | AK96: 2 | AM96: 0.0225 | AN96: 0.0225
D97: 84 | E97: Cross Country | G97: Girls | I97: Varsity | L97: 13 | M97: =SUM(K97:L97) -> 13 | O97: Yes | S97: 1966 | X97: 10 | AA97: =SUM(X97:Z97) -> 10 | AC97: 10 | AF97: =SUM(AC97:AE97) -> 10 | AI97: 1 | AK97: 1 | AM97: 0.0225 | AN97: 0.0225
D98: 85 | E98: Field Hockey | G98: Girls | I98: Varsity | L98: 15 | M98: =SUM(K98:L98) -> 15 | O98: Yes | S98: 1966 | X98: 18 | AA98: =SUM(X98:Z98) -> 18 | AC98: 19 | AF98: =SUM(AC98:AE98) -> 19 | AI98: 1 | AK98: 1 | AM98: 0.0225 | AN98: 0.0225
E99: Flag Football | G99: Girls | I99: Varsity | L99: 20 | M99: =SUM(K99:L99) -> 20 | Q99: Yes | S99: 2025 | Z99: 12 | AA99: =SUM(X99:Z99) -> 12 | AE99: 12 | AF99: =SUM(AC99:AE99) -> 12 | AI99: 1 | AK99: 1 | AM99: 0.0225 | AN99: 0.0225
D100: 86 | E100: Golf | G100: Girls | I100: Varsity | M100: =SUM(K100:L100) -> 0 | AA100: =SUM(X100:Z100) -> 0 | AF100: =SUM(AC100:AE100) -> 0
D101: 87 | E101: Gymnastics | G101: Girls | I101: Varsity | M101: =SUM(K101:L101) -> 0 | AA101: =SUM(X101:Z101) -> 0 | AF101: =SUM(AC101:AE101) -> 0
D102: 88 | E102: Lacrosse | G102: Girls | I102: Varsity | L102: 20 | M102: =SUM(K102:L102) -> 20 | Q102: Yes | S102: 1966 | Z102: 18 | AA102: =SUM(X102:Z102) -> 18 | AE102: 21 | AF102: =SUM(AC102:AE102) -> 21 | AI102: 1 | AK102: 1 | AM102: 0.0225 | AN102: 0.0225
D103: 89 | E103: Rifle | G103: Girls | I103: Varsity | M103: =SUM(K103:L103) -> 0 | AA103: =SUM(X103:Z103) -> 0 | AF103: =SUM(AC103:AE103) -> 0
D104: 90 | E104: Soccer | G104: Girls | I104: Varsity | L104: 20 | M104: =SUM(K104:L104) -> 20 | O104: Yes | S104: 1966 | AA104: =SUM(X104:Z104) -> 0 | AF104: =SUM(AC104:AE104) -> 0
D105: 91 | E105: Softball, Fast Pitch | G105: Girls | I105: Varsity | L105: 13 | M105: =SUM(K105:L105) -> 13 | Q105: Yes | S105: 1966 | Z105: 20 | AA105: =SUM(X105:Z105) -> 20 | AE105: 23 | AF105: =SUM(AC105:AE105) -> 23 | AI105: 1 | AK105: 1 | AM105: 0.0225 | AN105: 0.0225
D106: 92 | E106: Swimming and Diving | G106: Girls | I106: Varsity | L106: 12 | M106: =SUM(K106:L106) -> 12 | P106: Yes | S106: 1966 | Y106: 12 | AA106: =SUM(X106:Z106) -> 12 | AD106: 12 | AF106: =SUM(AC106:AE106) -> 12 | AI106: 1 | AK106: 1 | AM106: 0.0225 | AN106: 0.0225
D107: 93 | E107: Tennis | G107: Girls | I107: Varsity | L107: 11 | M107: =SUM(K107:L107) -> 11 | O107: Yes | S107: 1966 | X107: 12 | AA107: =SUM(X107:Z107) -> 12 | AC107: 12 | AF107: =SUM(AC107:AE107) -> 12 | AI107: 1 | AM107: 0.021 | AN107: 0.021
D108: 94 | E108: Track & Field (Indoor) | G108: Girls | I108: Varsity | L108: 63 | M108: =SUM(K108:L108) -> 63 | P108: Yes | S108: 1966 | Y108: 10 | AA108: =SUM(X108:Z108) -> 10 | AD108: 10 | AF108: =SUM(AC108:AE108) -> 10 | AI108: 1 | AK108: 1 | AM108: 0.0225 | AN108: 0.0225
D109: 95 | E109: Track & Field (Outdoor) | G109: Girls | I109: Varsity | L109: 63 | M109: =SUM(K109:L109) -> 63 | Q109: Yes | S109: 1966 | Z109: 10 | AA109: =SUM(X109:Z109) -> 10 | AE109: 10 | AF109: =SUM(AC109:AE109) -> 10 | AI109: 1 | AK109: 2 | AM109: 0.0225 | AN109: 0.0225
D110: 96 | E110: Volleyball | G110: Girls | I110: Varsity | L110: 10 | M110: =SUM(K110:L110) -> 10 | O110: Yes | S110: 1994 | X110: 18 | AA110: =SUM(X110:Z110) -> 18 | AC110: 18 | AF110: =SUM(AC110:AE110) -> 18 | AI110: 1 | AM110: 0.022 | AN110: 0.022
D111: 97 | E111: Water Polo | G111: Girls | I111: Varsity | M111: =SUM(K111:L111) -> 0 | AA111: =SUM(X111:Z111) -> 0 | AF111: =SUM(AC111:AE111) -> 0
E112: Wrestling | G112: Girls | I112: Varsity | L112: 15 | M112: =SUM(K112:L112) -> 15 | P112: Yes | S112: 2025 | Y112: 22 | AA112: =SUM(X112:Z112) -> 22 | AD112: 22 | AF112: =SUM(AC112:AE112) -> 22 | AI112: 1 | AM112: 0.021 | AN112: 0.021
D113: 98 | E113: Basketball | G113: Girls | I113: Jr Varsity | L113: 10 | M113: =SUM(K113:L113) -> 10 | P113: Yes | S113: 1966 | Y113: 18 | AA113: =SUM(X113:Z113) -> 18 | AD113: 18 | AF113: =SUM(AC113:AE113) -> 18 | AI113: 1 | AM113: 0.021 | AN113: 0.021
D114: 99 | E114: Bowling | G114: Girls | I114: Jr Varsity | M114: =SUM(K114:L114) -> 0 | AA114: =SUM(X114:Z114) -> 0 | AF114: =SUM(AC114:AE114) -> 0
D115: 100 | E115: Competitive Spirit | G115: Girls | I115: Jr Varsity | M115: =SUM(K115:L115) -> 0 | AA115: =SUM(X115:Z115) -> 0 | AF115: =SUM(AC115:AE115) -> 0
D116: 101 | E116: Cross Country | G116: Girls | I116: Jr Varsity | L116: 5 | M116: =SUM(K116:L116) -> 5 | O116: Yes | S116: 1966 | X116: 10 | AA116: =SUM(X116:Z116) -> 10 | AC116: 10 | AF116: =SUM(AC116:AE116) -> 10 | AK116: 1 | AM116: 0.021 | AN116: 0.021
D117: 102 | E117: Field Hockey | G117: Girls | I117: Jr Varsity | L117: 12 | M117: =SUM(K117:L117) -> 12 | O117: Yes | R117: yy | S117: 1966 | X117: 18 | AA117: =SUM(X117:Z117) -> 18 | AC117: 14 | AF117: =SUM(AC117:AE117) -> 14 | AI117: 1 | AM117: 0.021 | AN117: 0.021
E118: Flag Football | G118: Girls | I118: Jr Varsity | M118: =SUM(K118:L118) -> 0 | AA118: =SUM(X118:Z118) -> 0 | AF118: =SUM(AC118:AE118) -> 0
D119: 103 | E119: Golf | G119: Girls | I119: Jr Varsity | M119: =SUM(K119:L119) -> 0 | AA119: =SUM(X119:Z119) -> 0 | AF119: =SUM(AC119:AE119) -> 0
D120: 104 | E120: Gymnastics | G120: Girls | I120: Jr Varsity | M120: =SUM(K120:L120) -> 0 | AA120: =SUM(X120:Z120) -> 0 | AF120: =SUM(AC120:AE120) -> 0
D121: 105 | E121: Lacrosse | G121: Girls | I121: Jr Varsity | L121: 15 | M121: =SUM(K121:L121) -> 15 | Q121: Yes | S121: 1966 | Z121: 18 | AA121: =SUM(X121:Z121) -> 18 | AE121: 15 | AF121: =SUM(AC121:AE121) -> 15 | AI121: 1 | AM121: 0.021 | AN121: 0.021
D122: 106 | E122: Rifle | G122: Girls | I122: Jr Varsity | M122: =SUM(K122:L122) -> 0 | AA122: =SUM(X122:Z122) -> 0 | AF122: =SUM(AC122:AE122) -> 0
D123: 107 | E123: Soccer | G123: Girls | I123: Jr Varsity | L123: 18 | M123: =SUM(K123:L123) -> 18 | O123: Yes | S123: 1966 | X123: 18 | AA123: =SUM(X123:Z123) -> 18 | AC123: 16 | AF123: =SUM(AC123:AE123) -> 16 | AI123: 1 | AM123: 0.021 | AN123: 0.021
D124: 108 | E124: Softball, Fast Pitch | G124: Girls | I124: Jr Varsity | L124: 11 | M124: =SUM(K124:L124) -> 11 | Q124: Yes | S124: 1966 | X124: 17 | AA124: =SUM(X124:Z124) -> 17 | AE124: 12 | AF124: =SUM(AC124:AE124) -> 12 | AI124: 1 | AK124: 1 | AM124: 0.021 | AN124: 0.021
D125: 109 | E125: Swimming and Diving | G125: Girls | I125: Jr Varsity | M125: =SUM(K125:L125) -> 0 | AA125: =SUM(X125:Z125) -> 0 | AF125: =SUM(AC125:AE125) -> 0
D126: 110 | E126: Tennis | G126: Girls | I126: Jr Varsity | L126: 16 | M126: =SUM(K126:L126) -> 16 | P126: Yes | S126: 1966 | X126: 12 | AA126: =SUM(X126:Z126) -> 12 | AC126: 12 | AF126: =SUM(AC126:AE126) -> 12 | AI126: 1 | AM126: 0.021 | AN126: 0.021
D127: 111 | E127: Track & Field (Indoor) | G127: Girls | I127: Jr Varsity | M127: =SUM(K127:L127) -> 0 | AA127: =SUM(X127:Z127) -> 0 | AF127: =SUM(AC127:AE127) -> 0
D128: 112 | E128: Track & Field (Outdoor) | G128: Girls | I128: Jr Varsity | M128: =SUM(K128:L128) -> 0 | AA128: =SUM(X128:Z128) -> 0 | AF128: =SUM(AC128:AE128) -> 0
D129: 113 | E129: Volleyball | G129: Girls | I129: Jr Varsity | L129: 11 | M129: =SUM(K129:L129) -> 11 | O129: Yes | S129: 1966 | X129: 18 | AA129: =SUM(X129:Z129) -> 18 | AC129: 18 | AF129: =SUM(AC129:AE129) -> 18 | AI129: 1 | AM129: 0.021 | AN129: 0.021
D130: 114 | E130: Water Polo | G130: Girls | I130: Jr Varsity | M130: =SUM(K130:L130) -> 0 | AA130: =SUM(X130:Z130) -> 0 | AF130: =SUM(AC130:AE130) -> 0
E131: Wrestling | G131: Girls | I131: Jr Varsity | M131: =SUM(K131:L131) -> 0 | AA131: =SUM(X131:Z131) -> 0 | AF131: =SUM(AC131:AE131) -> 0
...

Sheet Page 3 - Financial Information
E4: ='Page 1 - General Information'!E4 -> INTERSCHOLASTIC ATHLETIC OPPORTUNITIES DISCLOSURE FORM 26.1
E5: ='Page 1 - General Information'!E5 -> 2025-26 School Year
E7: =IF('Page 1 - General Information'!G14="[Make Selection From Drop-Down List ]","",("School: "&'Page 1 - General Information'!G14&" - "&'Page 1 - General Information'!G16)) -> School: Upper Merion HS - 3395 | O7: Page 3 - Section 1: Financial Information | W7: =IF('Page 1 - General Information'!G10=" [Make Selection From Drop-Down List ]","",("LEA: "&'Page 1 - General Information'!G10&" - "&'Page 1 - General Information'!G12)) -> LEA: Upper Merion Area SD - 123468402
E9: ATHLETIC EXPENDITURES
E10: Team | G10: Boys/Girls | I10: Level | K10: Total Annual School Team Expenditures | M10: SCHOOL'S ANNUAL EXPENDITURES FOR EACH TEAM | W10: NON-SCHOOL (BOOSTER CLUBS, ALUMNI & OTHER NON-SCHOOL) CONTRIBUTIONS & PURCHASES
M11: Travel 1 | N11: Uniforms 2 | O11: Supplies and Equipment 3 | P11: Facilities 4 | Q11: Other | R11: Coaching Staff Compensation per Sport per Season | U11: Total Compensation For All Athletic Trainers Per Academic Year | W11: List total value of contributions per team | X11: List total value of purchases per team
R13: Fall | S13: Winter | T13: Spring
K14: Totals | M14: =SUM(M16:M190) -> 99721.975 | N14: =SUM(N16:N190) -> 31632.33 | O14: =SUM(O16:O190) -> 37347.86 | P14: =SUM(P16:P190) -> 8960 | Q14: =SUM(Q16:Q190) -> 0 | R14: =SUM(R16:R190) -> 171416.33 | S14: =SUM(S16:S190) -> 129531.72 | T14: =SUM(T16:T190) -> 210727.26 | W14: =SUM(W16:W190) -> 0 | X14: =SUM(X16:X190) -> 73686.54
K15: 1 | L15: 2 | M15: 3 | N15: 4 | O15: 5 | P15: 6 | Q15: 7 | R15: 8 | S15: 9 | T15: 10 | U15: 11 | V15: 12 | W15: 13 | X15: 14
D16: 1 | E16: Baseball | G16: Boys | I16: Varsity | K16: =SUM(M16:T16) -> 20780.09 | M16: 2000.43 | N16: 430 | O16: 1164.5 | T16: 17185.16 | X16: 4920.7
D17: 2 | E17: Basketball | G17: Boys | I17: Varsity | K17: =SUM(M17:T17) -> 17669.485 | M17: 1234.145 | O17: 454.54 | S17: 15980.8 | X17: 2449.33
D18: 3 | E18: Crew | G18: Boys | I18: Varsity | K18: =SUM(M18:T18) -> 18133.69 | M18: 3268.93 | N18: 957.35 | O18: 240.57 | P18: 1135 | T18: 12531.84 | X18: 765
D19: 4 | E19: Cross Country | G19: Boys | I19: Varsity | K19: =SUM(M19:T19) -> 9688.86 | M19: 1363.94 | N19: 522.92 | R19: 7802 | X19: 235
D20: 5 | E20: Football | G20: Boys | I20: Varsity | K20: =SUM(M20:T20) -> 61591.37 | M20: 2952.68 | O20: 2446.21 | R20: 56192.48 | X20: 4977.06
D21: 6 | E21: Golf | G21: Boys | I21: Varsity | K21: =SUM(M21:T21) -> 11248.25 | M21: 1986.45 | O21: 550 | P21: 2685 | R21: 6026.8
D22: 7 | E22: Lacrosse | G22: Boys | I22: Varsity | K22: =SUM(M22:T22) -> 20061.09 | M22: 2326.89 | N22: 1000 | O22: 1001 | T22: 15733.2 | X22: 5032.94
D23: 8 | E23: Rifle | G23: Boys | I23: Varsity | K23: =SUM(M23:T23) -> 0
D24: 9 | E24: Soccer | G24: Boys | I24: Varsity | K24: =SUM(M24:T24) -> 15630.98 | M24: 835.13 | N24: 237.37 | O24: 563.48 | R24: 13995 | X24: 456
D25: 10 | E25: Swimming and Diving | G25: Boys | I25: Varsity | K25: =SUM(M25:T25) -> 19266.19 | M25: 158.08 | N25: 1387.25 | O25: 556.46 | S25: 17164.4 | X25: 1403
D26: 11 | E26: Tennis | G26: Boys | I26: Varsity | K26: =SUM(M26:T26) -> 10669.09 | M26: 3150.95 | N26: 530 | P26: 660 | T26: 6328.14
D27: 12 | E27: Track & Field (Indoor) | G27: Boys | I27: Varsity | K27: =SUM(M27:T27) -> 4581.31 | M27: 3629.53 | O27: 951.78 | S27: $15,555,36
D28: 13 | E28: Track & Field (Outdoor) | G28: Boys | I28: Varsity | K28: =SUM(M28:T28) -> 28090.39 | M28: 3924.33 | N28: 614.7 | O28: 951.78 | T28: 22599.58 | X28: 2364.95
D29: 14 | E29: Volleyball | G29: Boys | I29: Varsity | K29: =SUM(M29:T29) -> 0
D30: 15 | E30: Water Polo | G30: Boys | I30: Varsity | K30: =SUM(M30:T30) -> 15580 | N30: 1205.8 | O30: 512.56 | T30: 13861.64 | X30: 250
D31: 16 | E31: Wrestling | G31: Boys | I31: Varsity | K31: =SUM(M31:T31) -> 13125.86 | M31: 2391.88 | N31: 1059.5 | S31: 9674.48 | X31: 2648.5
D32: 17 | E32: Baseball | G32: Boys | I32: Jr Varsity | K32: =SUM(M32:T32) -> 19219.11 | M32: 3268.93 | N32: 430 | O32: 1164.5 | T32: 14355.68 | X32: 4920.7
D33: 18 | E33: Basketball | G33: Boys | I33: Jr Varsity | K33: =SUM(M33:T33) -> 8662.12 | M33: 1234.14 | O33: 454.54 | S33: 6973.44 | X33: 2449.33
D34: 19 | E34: Bowling | G34: Boys | I34: Jr Varsity | K34: =SUM(M34:T34) -> 0
D35: 20 | E35: Cross Country | G35: Boys | I35: Jr Varsity | K35: =SUM(M35:T35) -> 4900.26 | M35: 1363.94 | N35: 522.92 | R35: 3013.4 | X35: 235
D36: 21 | E36: Football | G36: Boys | I36: Jr Varsity | K36: =SUM(M36:T36) -> 22563.99 | M36: 2952.68 | O36: 2446.21 | R36: 17165.1 | X36: 4977.06
D37: 22 | E37: Golf | G37: Boys | I37: Jr Varsity | K37: =SUM(M37:T37) -> 7883.96 | O37: 550 | P37: 2685 | R37: 4648.96
D38: 23 | E38: Lacrosse | G38: Boys | I38: Jr Varsity | K38: =SUM(M38:T38) -> 10656.03 | M38: 2326.89 | N38: 1000 | O38: 1001 | T38: 6328.14 | X38: 5034.94
D39: 24 | E39: Rifle | G39: Boys | I39: Jr Varsity | K39: =SUM(M39:T39) -> 0
D40: 25 | E40: Soccer | G40: Boys | I40: Jr Varsity | K40: =SUM(M40:T40) -> 7517.2 | M40: 835.15 | N40: 237.37 | O40: 563.48 | R40: 5881.2
D41: 26 | E41: Swimming and Diving | G41: Boys | I41: Jr Varsity | K41: =SUM(M41:T41) -> 0
D42: 27 | E42: Tennis | G42: Boys | I42: Jr Varsity | K42: =SUM(M42:T42) -> 9463.73 | M42: 3150.95 | N42: 530 | P42: 660 | T42: 5122.78
D43: 28 | E43: Track & Field (Indoor) | G43: Boys | I43: Jr Varsity | K43: =SUM(M43:T43) -> 0
D44: 29 | E44: Track & Field (Outdoor) | G44: Boys | I44: Jr Varsity | K44: =SUM(M44:T44) -> 0
D45: 30 | E45: Volleyball | G45: Boys | I45: Jr Varsity | K45: =SUM(M45:T45) -> 0
D46: 31 | E46: Water Polo | G46: Boys | I46: Jr Varsity | K46: =SUM(M46:T46) -> 0
D47: 32 | E47: Wrestling | G47: Boys | I47: Jr Varsity | K47: =SUM(M47:T47) -> 1059.5 | N47: 1059.5 | S47: $7,23.16
D48: 33 | E48: Baseball | G48: Boys | I48: Freshman | K48: =SUM(M48:T48) -> 0
D49: 34 | E49: Basketball | G49: Boys | I49: Freshman | K49: =SUM(M49:T49) -> 3306.35 | M49: 2851.81 | O49: 454.54 | X49: 2449.33
D50: 35 | E50: Bowling | G50: Boys | I50: Freshman | K50: =SUM(M50:T50) -> 0
D51: 36 | E51: Cross Country | G51: Boys | I51: Freshman | K51: =SUM(M51:T51) -> 0
D52: 37 | E52: Football | G52: Boys | I52: Freshman | K52: =SUM(M52:T52) -> 0
D53: 38 | E53: Golf | G53: Boys | I53: Freshman | K53: =SUM(M53:T53) -> 0
D54: 39 | E54: Lacrosse | G54: Boys | I54: Freshman | K54: =SUM(M54:T54) -> 0
D55: 40 | E55: Rifle | G55: Boys | I55: Freshman | K55: =SUM(M55:T55) -> 0
D56: 41 | E56: Soccer | G56: Boys | I56: Freshman | K56: =SUM(M56:T56) -> 9065.64 | M56: 2453.59 | N56: 237.37 | O56: 563.48 | R56: 5811.2
D57: 42 | E57: Swimming and Diving | G57: Boys | I57: Freshman | K57: =SUM(M57:T57) -> 0
D58: 43 | E58: Tennis | G58: Boys | I58: Freshman | K58: =SUM(M58:T58) -> 0
D59: 44 | E59: Track & Field (Indoor) | G59: Boys | I59: Freshman | K59: =SUM(M59:T59) -> 0
D60: 45 | E60: Track & Field (Outdoor) | G60: Boys | I60: Freshman | K60: =SUM(M60:T60) -> 0
D61: 46 | E61: Volleyball | G61: Boys | I61: Freshman | K61: =SUM(M61:T61) -> 0
D62: 47 | E62: Water Polo | G62: Boys | I62: Freshman | K62: =SUM(M62:T62) -> 0
D63: 48 | E63: Wrestling | G63: Boys | I63: Freshman | K63: =SUM(M63:T63) -> 0 | V63: 29
D64: 49 | E64: Baseball | G64: Boys | I64: 8th Grade | K64: =SUM(M64:T64) -> 0
D65: 50 | E65: Basketball | G65: Boys | I65: 8th Grade | K65: =SUM(M65:T65) -> 0
D66: 51 | E66: Bowling | G66: Boys | I66: 8th Grade | K66: =SUM(M66:T66) -> 0
D67: 52 | E67: Cross Country | G67: Boys | I67: 8th Grade | K67: =SUM(M67:T67) -> 0
D68: 53 | E68: Football | G68: Boys | I68: 8th Grade | K68: =SUM(M68:T68) -> 0
D69: 54 | E69: Golf | G69: Boys | I69: 8th Grade | K69: =SUM(M69:T69) -> 0
D70: 55 | E70: Lacrosse | G70: Boys | I70: 8th Grade | K70: =SUM(M70:T70) -> 0
D71: 56 | E71: Rifle | G71: Boys | I71: 8th Grade | K71: =SUM(M71:T71) -> 0
D72: 57 | E72: Soccer | G72: Boys | I72: 8th Grade | K72: =SUM(M72:T72) -> 0
D73: 58 | E73: Swimming and Diving | G73: Boys | I73: 8th Grade | K73: =SUM(M73:T73) -> 0
D74: 59 | E74: Tennis | G74: Boys | I74: 8th Grade | K74: =SUM(M74:T74) -> 0
D75: 60 | E75: Track & Field (Indoor) | G75: Boys | I75: 8th Grade | K75: =SUM(M75:T75) -> 0
... D91: 76 | E91: Track & Field (Indoor) | G91: Boys | I91: 7th Grade | K91: =SUM(M91:T91) -> 0
D92: 77 | E92: Track & Field (Outdoor) | G92: Boys | I92: 7th Grade | K92: =SUM(M92:T92) -> 0 | X92: 2364.95
D93: 78 | E93: Volleyball | G93: Boys | I93: 7th Grade | K93: =SUM(M93:T93) -> 0
D94: 79 | E94: Water Polo | G94: Boys | I94: 7th Grade | K94: =SUM(M94:T94) -> 0
D95: 80 | E95: Wrestling | G95: Boys | I95: 7th Grade | K95: =SUM(M95:T95) -> 0
D96: 81 | E96: Basketball | G96: Girls | I96: Varsity | K96: =SUM(M96:T96) -> 19917.08 | M96: 2128.52 | O96: 1140.64 | S96: 16647.92 | X96: 2035.4
D97: 82 | E97: Crew | G97: Girls | I97: Varsity | K97: =SUM(M97:T97) -> 18788.77 | M97: 3924 | N97: 957.35 | O97: 240.58 | P97: 1135 | T97: 12531.84 | X97: 750
D98: 83 | E98: Competitive Spirit | G98: Girls | I98: Varsity | K98: =SUM(M98:T98) -> 42174.11 | M98: 4993.37 | N98: 8252.1 | S98: 28928.64 | X98: 6600
D99: 84 | E99: Cross Country | G99: Girls | I99: Varsity | K99: =SUM(M99:T99) -> 9420.36 | M99: 1363.94 | N99: 522.92 | R99: 7533.5 | X99: 235
D100: 85 | E100: Field Hockey | G100: Girls | I100: Varsity | K100: =SUM(M100:T100) -> 17197.59 | M100: 1036.88 | O100: 1805.11 | R100: 14355.6 | X100: 1618
E101: Flag Football | G101: Girls | I101: Varsity | K101: =SUM(M101:T101) -> 16452.98 | M101: 2876.87 | N101: 2859.5 | O101: 256.45 | T101: 10460.16
D102: 86 | E102: Golf | G102: Girls | I102: Varsity | K102: =SUM(M102:T102) -> 0
D103: 87 | E103: Gymnastics | G103: Girls | I103: Varsity | K103: =SUM(M103:T103) -> 0
D104: 88 | E104: Lacrosse | G104: Girls | I104: Varsity | K104: =SUM(M104:T104) -> 19995.09 | M104: 2340.35 | N104: 316.95 | O104: 1109.63 | T104: 16228.16
D105: 89 | E105: Rifle | G105: Girls | I105: Varsity | K105: =SUM(M105:T105) -> 0
D106: 90 | E106: Soccer | G106: Girls | I106: Varsity | K106: =SUM(M106:T106) -> 16129 | M106: 1024.44 | N106: 237.37 | O106: 942.19 | R106: 13925 | X106: 756
D107: 91 | E107: Softball, Fast Pitch | G107: Girls | I107: Varsity | K107: =SUM(M107:T107) -> 21083.88 | M107: 2123.04 | N107: 527.6 | O107: 2265.08 | T107: 16168.16 | X107: 1239
D108: 92 | E108: Swimming and Diving | G108: Girls | I108: Varsity | K108: =SUM(M108:T108) -> 19266.19 | M108: 158.08 | N108: 1387.25 | O108: 556.46 | S108: 17164.4
D109: 93 | E109: Tennis | G109: Girls | I109: Varsity | K109: =SUM(M109:T109) -> 9186.01 | M109: 2205.55 | O109: 652.32 | T109: 6328.14 | X109: 1403
D110: 94 | E110: Track & Field (Indoor) | G110: Girls | I110: Varsity | K110: =SUM(M110:T110) -> 4883.11 | M110: 3924.33 | O110: 958.78
D111: 95 | E111: Track & Field (Outdoor) | G111: Girls | I111: Varsity | K111: =SUM(M111:T111) -> 28408.85 | M111: 3924.33 | N111: 614.7 | O111: 958.78 | T111: 22911.04 | X111: 2364.95
D112: 96 | E112: Volleyball | G112: Girls | I112: Varsity | K112: =SUM(M112:T112) -> 2820.36 | M112: 1167.24 | N112: 665.1 | O112: 988.02 | X112: 1434
D113: 97 | E113: Water Polo | G113: Girls | I113: Varsity | K113: =SUM(M113:T113) -> 0
E114: Wrestling | G114: Girls | I114: Varsity | K114: =SUM(M114:T114) -> 14213.61 | M114: 3479.63 | N114: 1059.5 | S114: 9674.48 | X114: 2035.4
D115: 98 | E115: Basketball | G115: Girls | I115: Jr Varsity | K115: =SUM(M115:T115) -> 10592.32 | M115: 2128.52 | O115: 1140.64 | S115: 7323.16
D116: 99 | E116: Bowling | G116: Girls | I116: Jr Varsity | K116: =SUM(M116:T116) -> 0
D117: 100 | E117: Competitive Spirit | G117: Girls | I117: Jr Varsity | K117: =SUM(M117:T117) -> 0
D118: 101 | E118: Cross Country | G118: Girls | I118: Jr Varsity | K118: =SUM(M118:T118) -> 4900.35 | M118: 1363.94 | N118: 522.92 | R118: 3013.49 | X118: 235
D119: 102 | E119: Field Hockey | G119: Girls | I119: Jr Varsity | K119: =SUM(M119:T119) -> 9083.59 | M119: 1036.88 | O119: 1805.11 | R119: 6241.6 | V119: 40 | X119: 1618
E120: Flag Football | G120: Girls | I120: Jr Varsity | K120: =SUM(M120:T120) -> 0
D121: 103 | E121: Golf | G121: Girls | I121: Jr Varsity | K121: =SUM(M121:T121) -> 0
...

Sheet Page 4 - Gender and Race Info
E4: ='Page 1 - General Information'!E4 -> INTERSCHOLASTIC ATHLETIC OPPORTUNITIES DISCLOSURE FORM 26.1
C5: ='Page 1 - General Information'!E5 -> 2025-26 School Year | E5: ='Page 1 - General Information'!E5 -> 2025-26 School Year
E7: =IF('Page 1 - General Information'!G14="[Make Selection From Drop-Down List ]","",("School: "&'Page 1 - General Information'!G14&" - "&'Page 1 - General Information'!G16)) -> School: Upper Merion HS - 3395 | J7: Page 5 - Section 1: Gender and Race/Ethnicity Information | S7: =IF('Page 1 - General Information'!G10=" [Make Selection From Drop-Down List ]","",("LEA: "&'Page 1 - General Information'!G10&" - "&'Page 1 - General Information'!G12)) -> LEA: Upper Merion Area SD - 123468402
E10: Gender | F10: School Totals (Data is prepopulated from the October Student Snapshot) | O10: Athletic Program Totals (Enter the counts of athletic program participants by race/ethnicity and gender)
F11: Race/Ethnicity Code | O11: Race/Ethnicity Code
F12: American Indian/Alaskan Native | G12: Black/African American (Not Hispanic) | H12: Hispanic (Any Race) | I12: White/Caucasian (Not Hispanic) | J12: Multi-Racial (Not Hispanic) | K12: Asian (Not Hispanic) | L12: Native Hawaiian or Other Pacific Islander (Not Hispanic) | M12: Total | O12: American Indian/Alaskan Native | P12: Black/African American (Not Hispanic) | Q12: Hispanic (Any Race) | R12: White/Caucasian (Not Hispanic) | S12: Multi-Racial (Not Hispanic) | T12: Asian (Not Hispanic) | U12: Native Hawaiian or Other Pacific Islander (Not Hispanic) | V12: Total
F13: 1 | G13: 2 | H13: 3 | I13: 4 | J13: 5 | K13: 6 | L13: 7 | M13: 8 | N13: 9 | O13: 10 | P13: 11 | Q13: 12 | R13: 13 | S13: 14 | T13: 15 | U13: 16 | V13: 17
D14: ='Page 1 - General Information'!G12&'Page 1 - General Information'!G16&'Page 4 - Gender and Race Info'!E14 -> 1234684023395Male | E14: Male | F14: =IF(ISERROR(VLOOKUP($D$14,'Race Data'!$B:$O,7,FALSE))," ",(VLOOKUP($D$14,'Race Data'!$B:$O,7,FALSE))) | G14: =IF(ISERROR(VLOOKUP($D$14,'Race Data'!$B:$O,8,FALSE))," ",(VLOOKUP($D$14,'Race Data'!$B:$O,8,FALSE))) -> 97 | H14: =IF(ISERROR(VLOOKUP($D$14,'Race Data'!$B:$O,9,FALSE))," ",(VLOOKUP($D$14,'Race Data'!$B:$O,9,FALSE))) -> 130 | I14: =IF(ISERROR(VLOOKUP($D$14,'Race Data'!$B:$O,10,FALSE))," ",(VLOOKUP($D$14,'Race Data'!$B:$O,10,FALSE))) -> 300 | J14: =IF(ISERROR(VLOOKUP($D$14,'Race Data'!$B:$O,11,FALSE))," ",(VLOOKUP($D$14,'Race Data'!$B:$O,11,FALSE))) -> 62 | K14: =IF(ISERROR(VLOOKUP($D$14,'Race Data'!$B:$O,12,FALSE))," ",(VLOOKUP($D$14,'Race Data'!$B:$O,12,FALSE))) -> 99 | L14: =IF(ISERROR(VLOOKUP($D$14,'Race Data'!$B:$O,13,FALSE))," ",(VLOOKUP($D$14,'Race Data'!$B:$O,13,FALSE))) -> * | M14: =IF(ISERROR(VLOOKUP($D$14,'Race Data'!$B:$O,14,FALSE))," ",(VLOOKUP($D$14,'Race Data'!$B:$O,14,FALSE))) -> 689 | O14: 0 | P14: 47 | Q14: 35 | R14: 146 | S14: 22 | T14: 42 | U14: 0 | V14: =SUM(O14:U14) -> 292
D15: ='Page 1 - General Information'!G12&'Page 1 - General Information'!G16&'Page 4 - Gender and Race Info'!E15 -> 1234684023395Female | E15: Female | F15: =IF(ISERROR(VLOOKUP($D$15,'Race Data'!$B:$O,7,FALSE))," ",(VLOOKUP($D$15,'Race Data'!$B:$O,7,FALSE))) | G15: =IF(ISERROR(VLOOKUP($D$15,'Race Data'!$B:$O,8,FALSE))," ",(VLOOKUP($D$15,'Race Data'!$B:$O,8,FALSE))) -> 119 | H15: =IF(ISERROR(VLOOKUP($D$15,'Race Data'!$B:$O,9,FALSE))," ",(VLOOKUP($D$15,'Race Data'!$B:$O,9,FALSE))) -> 120 | I15: =IF(ISERROR(VLOOKUP($D$15,'Race Data'!$B:$O,10,FALSE))," ",(VLOOKUP($D$15,'Race Data'!$B:$O,10,FALSE))) -> 257 | J15: =IF(ISERROR(VLOOKUP($D$15,'Race Data'!$B:$O,11,FALSE))," ",(VLOOKUP($D$15,'Race Data'!$B:$O,11,FALSE))) -> 61 | K15: =IF(ISERROR(VLOOKUP($D$15,'Race Data'!$B:$O,12,FALSE))," ",(VLOOKUP($D$15,'Race Data'!$B:$O,12,FALSE))) -> 98 | L15: =IF(ISERROR(VLOOKUP($D$15,'Race Data'!$B:$O,13,FALSE))," ",(VLOOKUP($D$15,'Race Data'!$B:$O,13,FALSE))) | M15: =IF(ISERROR(VLOOKUP($D$15,'Race Data'!$B:$O,14,FALSE))," ",(VLOOKUP($D$15,'Race Data'!$B:$O,14,FALSE))) -> 655 | O15: 0 | P15: 45 | Q15: 42 | R15: 125 | S15: 16 | T15: 29 | U15: 0 | V15: =SUM(O15:U15) -> 257
D16: ='Page 1 - General Information'!G12&'Page 1 - General Information'!G16&'Page 4 - Gender and Race Info'!E16 -> 1234684023395Total | E16: Total | F16: =IF(ISERROR(VLOOKUP($D$16,'Race Data'!$B:$O,7,FALSE))," ",(VLOOKUP($D$16,'Race Data'!$B:$O,7,FALSE))) | G16: =IF(ISERROR(VLOOKUP($D$16,'Race Data'!$B:$O,8,FALSE))," ",(VLOOKUP($D$16,'Race Data'!$B:$O,8,FALSE))) -> 216 | H16: =IF(ISERROR(VLOOKUP($D$16,'Race Data'!$B:$O,9,FALSE))," ",(VLOOKUP($D$16,'Race Data'!$B:$O,9,FALSE))) -> 250 | I16: =IF(ISERROR(VLOOKUP($D$16,'Race Data'!$B:$O,10,FALSE))," ",(VLOOKUP($D$16,'Race Data'!$B:$O,10,FALSE))) -> 557 | J16: =IF(ISERROR(VLOOKUP($D$16,'Race Data'!$B:$O,11,FALSE))," ",(VLOOKUP($D$16,'Race Data'!$B:$O,11,FALSE))) -> 123 | K16: =IF(ISERROR(VLOOKUP($D$16,'Race Data'!$B:$O,12,FALSE))," ",(VLOOKUP($D$16,'Race Data'!$B:$O,12,FALSE))) -> 197 | L16: =IF(ISERROR(VLOOKUP($D$16,'Race Data'!$B:$O,13,FALSE))," ",(VLOOKUP($D$16,'Race Data'!$B:$O,13,FALSE))) -> * | M16: =IF(ISERROR(VLOOKUP($D$16,'Race Data'!$B:$O,14,FALSE))," ",(VLOOKUP($D$16,'Race Data'!$B:$O,14,FALSE))) -> 1344 | N16: =N14+N15 -> 0 | O16: =O14+O15 -> 0 | P16: =P14+P15 -> 92 | Q16: =Q14+Q15 -> 77 | R16: =R14+R15 -> 271 | S16: =S14+S15 -> 38 | T16: =T14+T15 -> 71 | U16: =U14+U15 -> 0 | V16: =V14+V15 -> 549
E20: Note: Some information has been redacted in order to protect individual identification

Sheet Page 5 - Comments
D4: ='Page 1 - General Information'!E4 -> INTERSCHOLASTIC ATHLETIC OPPORTUNITIES DISCLOSURE FORM 26.1
D5: ='Page 1 - General Information'!E5 -> 2025-26 School Year
E7: =IF('Page 1 - General Information'!G14="[Make Selection From Drop-Down List ]","",("School: "&'Page 1 - General Information'!G14&" - "&'Page 1 - General Information'!G16)) -> School: Upper Merion HS - 3395 | J7: Page 4 - Section 1: Comments | N7: =IF('Page 1 - General Information'!G10=" [Make Selection From Drop-Down List ]","",("LEA: "&'Page 1 - General Information'!G10&" - "&'Page 1 - General Information'!G12)) -> LEA: Upper Merion Area SD - 123468402
E11: Please Provide All Applicable Comments Below
E12: For Best Results, Compose In A Word Processor, Copy And Paste To The Formula Bar Above, Then Press Enter.
E13: Input Is Limited To 100 Characters
E15: We do not have Rifle Team. We have a Crew team that competes in the Spring. It is a Boys and Girls team. Our Boys Golf team ran as a "Co-Ed" team comprised of both boys and girls.

Sheet Page 6 - PIMS Input Page
A1: DISTRICT CODE | B1: LOCATION CODE | C1: REPORTING DATE | D1: CATEGORY 01 | E1: CATEGORY 02 | F1: CATEGORY 03 | G1: CATEGORY 04 | H1: CATEGORY 05 | I1: CATEGORY 06 | J1: CATEGORY 07 | K1: CATEGORY 08 | L1: CATEGORY 09 | M1: CATEGORY 10 | N1: PRIMARY MEASURE TYPE | O1: COUNT | P1: AMOUNT | Q1: PERCENT | R1: INDICATOR | S1: CATEGORY SET CODE | T1: START DATE | U1: END DATE | V1: COMMENT | X1: Column | Y1: Row
A2: ='Page 1 - General Information'!$G$12 -> 123468402 | B2: ='Page 1 - General Information'!$G$16 -> 3395 | C2: 2026-06-30 | N2: COUNT | O2: {=INDEX('Page 2 - Team Information'!$K$14:$AP$189,Y2,X2)} -> 15 | S2: Baseball_Boys_V_Boys | X2: 1 | Y2: 1
A3: ='Page 1 - General Information'!$G$12 -> 123468402 | B3: ='Page 1 - General Information'!$G$16 -> 3395 | C3: 2026-06-30 | N3: COUNT | O3: {=INDEX('Page 2 - Team Information'!$K$14:$AP$189,Y3,X3)} | S3: Baseball_Boys_V_Girls | X3: 2 | Y3: 1
A4: ='Page 1 - General Information'!$G$12 -> 123468402 | B4: ='Page 1 - General Information'!$G$16 -> 3395 | C4: 2026-06-30 | N4: COUNT | O4: {=INDEX('Page 2 - Team Information'!$K$14:$AP$189,Y4,X4)} -> 15 | S4: Baseball_Boys_V_Total | X4: 3 | Y4: 1
A5: ='Page 1 - General Information'!$G$12 -> 123468402 | B5: ='Page 1 - General Information'!$G$16 -> 3395 | C5: 2026-06-30 | N5: COUNT | O5: {=INDEX('Page 2 - Team Information'!$K$14:$AP$189,Y5,X5)} -> 15 | S5: Basketball _Boys_V_Boys | X5: 1 | Y5: 2
A6: ='Page 1 - General Information'!$G$12 -> 123468402 | B6: ='Page 1 - General Information'!$G$16 -> 3395 | C6: 2026-06-30 | N6: COUNT | O6: {=INDEX('Page 2 - Team Information'!$K$14:$AP$189,Y6,X6)} | S6: Basketball _Boys_V_Girls | X6: 2 | Y6: 2
A7: ='Page 1 - General Information'!$G$12 -> 123468402 | B7: ='Page 1 - General Information'!$G$16 -> 3395 | C7: 2026-06-30 | N7: COUNT | O7: {=INDEX('Page 2 - Team Information'!$K$14:$AP$189,Y7,X7)} -> 15 | S7: Basketball _Boys_V_Total | X7: 3 | Y7: 2
A8: ='Page 1 - General Information'!$G$12 -> 123468402 | B8: ='Page 1 - General Information'!$G$16 -> 3395 | C8: 2026-06-30 | N8: COUNT | O8: {=INDEX('Page 2 - Team Information'!$K$14:$AP$189,Y8,X8)} | S8: Bowling_Boys_V_Boys | X8: 1 | Y8: 3
A9: ='Page 1 - General Information'!$G$12 -> 123468402 | B9: ='Page 1 - General Information'!$G$16 -> 3395 | C9: 2026-06-30 | N9: COUNT | O9: {=INDEX('Page 2 - Team Information'!$K$14:$AP$189,Y9,X9)} | S9: Bowling_Boys_V_Girls | X9: 2 | Y9: 3
A10: ='Page 1 - General Information'!$G$12 -> 123468402 | B10: ='Page 1 - General Information'!$G$16 -> 3395 | C10: 2026-06-30 | N10: COUNT | O10: {=INDEX('Page 2 - Team Information'!$K$14:$AP$189,Y10,X10)} -> 0 | S10: Bowling_Boys_V_Total | X10: 3 | Y10: 3
A11: ='Page 1 - General Information'!$G$12 -> 123468402 | B11: ='Page 1 - General Information'!$G$16 -> 3395 | C11: 2026-06-30 | N11: COUNT | O11: {=INDEX('Page 2 - Team Information'!$K$14:$AP$189,Y11,X11)} -> 13 | S11: Cross Country_Boys_V_Boys | X11: 1 | Y11: 4
A12: ='Page 1 - General Information'!$G$12 -> 123468402 | B12: ='Page 1 - General Information'!$G$16 -> 3395 | C12: 2026-06-30 | N12: COUNT | O12: {=INDEX('Page 2 - Team Information'!$K$14:$AP$189,Y12,X12)} | S12: Cross Country_Boys_V_Girls | X12: 2 | Y12: 4
A13: ='Page 1 - General Information'!$G$12 -> 123468402 | B13: ='Page 1 - General Information'!$G$16 -> 3395 | C13: 2026-06-30 | N13: COUNT | O13: {=INDEX('Page 2 - Team Information'!$K$14:$AP$189,Y13,X13)} -> 13 | S13: Cross Country_Boys_V_Total | X13: 3 | Y13: 4
... A526: ='Page 1 - General Information'!$G$12 -> 123468402 | B526: ='Page 1 - General Information'!$G$16 -> 3395 | C526: 2026-06-30 | N526: COUNT | O526: {=INDEX('Page 2 - Team Information'!$K$14:$AP$189,Y526,X526)} -> 0 | S526: Wrestling_Girls_7_Total | X526: 3 | Y526: 175
A527: ='Page 1 - General Information'!$G$12 -> 123468402 | B527: ='Page 1 - General Information'!$G$16 -> 3395 | C527: 2026-06-30 | N527: INDICATOR | R527: Y | S527: Baseball_B_V_SeasonFall | V527: {=INDEX('Page 2 - Team Information'!$K$14:$AP$189,Y527,X527)} | X527: 5 | Y527: 1
A528: ='Page 1 - General Information'!$G$12 -> 123468402 | B528: ='Page 1 - General Information'!$G$16 -> 3395 | C528: 2026-06-30 | N528: INDICATOR | R528: Y | S528: Baseball_B_V_SeasonWinter | V528: {=INDEX('Page 2 - Team Information'!$K$14:$AP$189,Y528,X528)} | X528: 6 | Y528: 1
A529: ='Page 1 - General Information'!$G$12 -> 123468402 | B529: ='Page 1 - General Information'!$G$16 -> 3395 | C529: 2026-06-30 | N529: INDICATOR | R529: Y | S529: Baseball_B_V_SeasonSpring | V529: {=INDEX('Page 2 - Team Information'!$K$14:$AP$189,Y529,X529)} -> Yes | X529: 7 | Y529: 1
A530: ='Page 1 - General Information'!$G$12 -> 123468402 | B530: ='Page 1 - General Information'!$G$16 -> 3395 | C530: 2026-06-30 | N530: INDICATOR | R530: Y | S530: Baseball_B_V_Established | T530: {=IF(INDEX('Page 2 - Team Information'!$K$14:$AP$189,Y530,X530)="","",INDEX('Page 2 - Team Information'!$K$14:$AP$189,Y530,X530)&"-06-30")} -> 1966-06-30 | X530: 9 | Y530: 1
A531: ='Page 1 - General Information'!$G$12 -> 123468402 | B531: ='Page 1 - General Information'!$G$16 -> 3395 | C531: 2026-06-30 | N531: INDICATOR | R531: Y | S531: Baseball_B_V_Demotion | T531: {=IF(INDEX('Page 2 - Team Information'!$K$14:$AP$189,Y531,X531)="","",INDEX('Page 2 - Team Information'!$K$14:$AP$189,Y531,X531)&"-06-30")} | X531: 10 | Y531: 1
A532: ='Page 1 - General Information'!$G$12 -> 123468402 | B532: ='Page 1 - General Information'!$G$16 -> 3395 | C532: 2026-06-30 | N532: INDICATOR | R532: Y | S532: Baseball_B_V_Elimination | T532: {=IF(INDEX('Page 2 - Team Information'!$K$14:$AP$189,Y532,X532)="","",INDEX('Page 2 - Team Information'!$K$14:$AP$189,Y532,X532)&"-06-30")} | X532: 11 | Y532: 1
A533: ='Page 1 - General Information'!$G$12 -> 123468402 | B533: ='Page 1 - General Information'!$G$16 -> 3395 | C533: 2026-06-30 | N533: INDICATOR | R533: Y | S533: Baseball_B_V_Reinstatement | T533: {=IF(INDEX('Page 2 - Team Information'!$K$14:$AP$189,Y533,X533)="","",INDEX('Page 2 - Team Information'!$K$14:$AP$189,Y533,X533)&"-06-30")} | X533: 12 | Y533: 1
A534: ='Page 1 - General Information'!$G$12 -> 123468402 | B534: ='Page 1 - General Information'!$G$16 -> 3395 | C534: 2026-06-30 | N534: COUNT | O534: {=INDEX('Page 2 - Team Information'!$K$14:$AP$189,Y534,X534)} | S534: Baseball_B_V_ScheduledFall | X534: 14 | Y534: 1
A535: ='Page 1 - General Information'!$G$12 -> 123468402 | B535: ='Page 1 - General Information'!$G$16 -> 3395 | C535: 2026-06-30 | N535: COUNT | O535: {=INDEX('Page 2 - Team Information'!$K$14:$AP$189,Y535,X535)} | S535: Baseball_B_V_ScheduledWinter | X535: 15 | Y535: 1
A536: ='Page 1 - General Information'!$G$12 -> 123468402 | B536: ='Page 1 - General Information'!$G$16 -> 3395 | C536: 2026-06-30 | N536: COUNT | O536: {=INDEX('Page 2 - Team Information'!$K$14:$AP$189,Y536,X536)} -> 19 | S536: Baseball_B_V_ScheduledSpring | X536: 16 | Y536: 1
A537: ='Page 1 - General Information'!$G$12 -> 123468402 | B537: ='Page 1 - General Information'!$G$16 -> 3395 | C537: 2026-06-30 | N537: COUNT | O537: {=INDEX('Page 2 - Team Information'!$K$14:$AP$189,Y537,X537)} -> 19 | S537: Baseball_B_V_ScheduledTotal | X537: 17 | Y537: 1
A538: ='Page 1 - General Information'!$G$12 -> 123468402 | B538: ='Page 1 - General Information'!$G$16 -> 3395 | C538: 2026-06-30 | N538: COUNT | O538: {=INDEX('Page 2 - Team Information'!$K$14:$AP$189,Y538,X538)} | S538: Baseball_B_V_PlayedFall | X538: 19 | Y538: 1
A539: ='Page 1 - General Information'!$G$12 -> 123468402 | B539: ='Page 1 - General Information'!$G$16 -> 3395 | C539: 2026-06-30 | N539: COUNT | O539: {=INDEX('Page 2 - Team Information'!$K$14:$AP$189,Y539,X539)} | S539: Baseball_B_V_PlayedWinter | X539: 20 | Y539: 1
A540: ='Page 1 - General Information'!$G$12 -> 123468402 | B540: ='Page 1 - General Information'!$G$16 -> 3395 | C540: 2026-06-30 | N540: COUNT | O540: {=INDEX('Page 2 - Team Information'!$K$14:$AP$189,Y540,X540)} -> 19 | S540: Baseball_B_V_PlayedSpring | X540: 21 | Y540: 1
A541: ='Page 1 - General Information'!$G$12 -> 123468402 | B541: ='Page 1 - General Information'!$G$16 -> 3395 | C541: 2026-06-30 | N541: COUNT | O541: {=INDEX('Page 2 - Team Information'!$K$14:$AP$189,Y541,X541)} -> 19 | S541: Baseball_B_V_PlayedTotal | X541: 22 | Y541: 1
A542: ='Page 1 - General Information'!$G$12 -> 123468402 | B542: ='Page 1 - General Information'!$G$16 -> 3395 | C542: 2026-06-30 | N542: INDICATOR | R542: Y | S542: Basketball _B_V_SeasonFall | V542: {=INDEX('Page 2 - Team Information'!$K$14:$AP$189,Y542,X542)} | X542: 5 | Y542: 2
A543: ='Page 1 - General Information'!$G$12 -> 123468402 | B543: ='Page 1 - General Information'!$G$16 -> 3395 | C543: 2026-06-30 | N543: INDICATOR | R543: Y | S543: Basketball _B_V_SeasonWinter | V543: {=INDEX('Page 2 - Team Information'!$K$14:$AP$189,Y543,X543)} -> Yes | X543: 6 | Y543: 2
A544: ='Page 1 - General Information'!$G$12 -> 123468402 | B544: ='Page 1 - General Information'!$G$16 -> 3395 | C544: 2026-06-30 | N544: INDICATOR | R544: Y | S544: Basketball _B_V_SeasonSpring | V544: {=INDEX('Page 2 - Team Information'!$K$14:$AP$189,Y544,X544)} | X544: 7 | Y544: 2
A545: ='Page 1 - General Information'!$G$12 -> 123468402 | B545: ='Page 1 - General Information'!$G$16 -> 3395 | C545: 2026-06-30 | N545: INDICATOR | R545: Y | S545: Basketball _B_V_Established | T545: {=IF(INDEX('Page 2 - Team Information'!$K$14:$AP$189,Y545,X545)="","",INDEX('Page 2 - Team Information'!$K$14:$AP$189,Y545,X545)&"-06-30")} -> 1966-06-30 | X545: 9 | Y545: 2
A546: ='Page 1 - General Information'!$G$12 -> 123468402 | B546: ='Page 1 - General Information'!$G$16 -> 3395 | C546: 2026-06-30 | N546: INDICATOR | R546: Y | S546: Basketball _B_V_Demotion | T546: {=IF(INDEX('Page 2 - Team Information'!$K$14:$AP$189,Y546,X546)="","",INDEX('Page 2 - Team Information'!$K$14:$AP$189,Y546,X546)&"-06-30")} | X546: 10 | Y546: 2
A547: ='Page 1 - General Information'!$G$12 -> 123468402 | B547: ='Page 1 - General Information'!$G$16 -> 3395 | C547: 2026-06-30 | N547: INDICATOR | R547: Y | S547: Basketball _B_V_Elimination | T547: {=IF(INDEX('Page 2 - Team Information'!$K$14:$AP$189,Y547,X547)="","",INDEX('Page 2 - Team Information'!$K$14:$AP$189,Y547,X547)&"-06-30")} | X547: 11 | Y547: 2
A548: ='Page 1 - General Information'!$G$12 -> 123468402 | B548: ='Page 1 - General Information'!$G$16 -> 3395 | C548: 2026-06-30 | N548: INDICATOR | R548: Y | S548: Basketball _B_V_Reinstatement | T548: {=IF(INDEX('Page 2 - Team Information'!$K$14:$AP$189,Y548,X548)="","",INDEX('Page 2 - Team Information'!$K$14:$AP$189,Y548,X548)&"-06-30")} | X548: 12 | Y548: 2
A549: ='Page 1 - General Information'!$G$12 -> 123468402 | B549: ='Page 1 - General Information'!$G$16 -> 3395 | C549: 2026-06-30 | N549: COUNT | O549: {=INDEX('Page 2 - Team Information'!$K$14:$AP$189,Y549,X549)} | S549: Basketball _B_V_ScheduledFall | X549: 14 | Y549: 2
A550: ='Page 1 - General Information'!$G$12 -> 123468402 | B550: ='Page 1 - General Information'!$G$16 -> 3395 | C550: 2026-06-30 | N550: COUNT | O550: {=INDEX('Page 2 - Team Information'!$K$14:$AP$189,Y550,X550)} -> 22 | S550: Basketball _B_V_ScheduledWinter | X550: 15 | Y550: 2
A551: ='Page 1 - General Information'!$G$12 -> 123468402 | B551: ='Page 1 - General Information'!$G$16 -> 3395 | C551: 2026-06-30 | N551: COUNT | O551: {=INDEX('Page 2 - Team Information'!$K$14:$AP$189,Y551,X551)} | S551: Basketball _B_V_ScheduledSpring | X551: 16 | Y551: 2
A552: ='Page 1 - General Information'!$G$12 -> 123468402 | B552: ='Page 1 - General Information'!$G$16 -> 3395 | C552: 2026-06-30 | N552: COUNT | O552: {=INDEX('Page 2 - Team Information'!$K$14:$AP$189,Y552,X552)} -> 22 | S552: Basketball _B_V_ScheduledTotal | X552: 17 | Y552: 2
A553: ='Page 1 - General Information'!$G$12 -> 123468402 | B553: ='Page 1 - General Information'!$G$16 -> 3395 | C553: 2026-06-30 | N553: COUNT | O553: {=INDEX('Page 2 - Team Information'!$K$14:$AP$189,Y553,X553)} | S553: Basketball _B_V_PlayedFall | X553: 19 | Y553: 2
A554: ='Page 1 - General Information'!$G$12 -> 123468402 | B554: ='Page 1 - General Information'!$G$16 -> 3395 | C554: 2026-06-30 | N554: COUNT | O554: {=INDEX('Page 2 - Team Information'!$K$14:$AP$189,Y554,X554)} -> 22 | S554: Basketball _B_V_PlayedWinter | X554: 20 | Y554: 2
A555: ='Page 1 - General Information'!$G$12 -> 123468402 | B555: ='Page 1 - General Information'!$G$16 -> 3395 | C555: 2026-06-30 | N555: COUNT | O555: {=INDEX('Page 2 - Team Information'!$K$14:$AP$189,Y555,X555)} | S555: Basketball _B_V_PlayedSpring | X555: 21 | Y555: 2
A556: ='Page 1 - General Information'!$G$12 -> 123468402 | B556: ='Page 1 - General Information'!$G$16 -> 3395 | C556: 2026-06-30 | N556: COUNT | O556: {=INDEX('Page 2 - Team Information'!$K$14:$AP$189,Y556,X556)} -> 22 | S556: Basketball _B_V_PlayedTotal | X556: 22 | Y556: 2
A557: ='Page 1 - General Information'!$G$12 -> 123468402 | B557: ='Page 1 - General Information'!$G$16 -> 3395 | C557: 2026-06-30 | N557: INDICATOR | R557: Y | S557: Bowling_B_V_SeasonFall | V557: {=INDEX('Page 2 - Team Information'!$K$14:$AP$189,Y557,X557)} | X557: 5 | Y557: 3
A558: ='Page 1 - General Information'!$G$12 -> 123468402 | B558: ='Page 1 - General Information'!$G$16 -> 3395 | C558: 2026-06-30 | N558: INDICATOR | R558: Y | S558: Bowling_B_V_SeasonWinter | V558: {=INDEX('Page 2 - Team Information'!$K$14:$AP$189,Y558,X558)} | X558: 6 | Y558: 3
A559: ='Page 1 - General Information'!$G$12 -> 123468402 | B559: ='Page 1 - General Information'!$G$16 -> 3395 | C559: 2026-06-30 | N559: INDICATOR | R559: Y | S559: Bowling_B_V_SeasonSpring | V559: {=INDEX('Page 2 - Team Information'!$K$14:$AP$189,Y559,X559)} | X559: 7 | Y559: 3
A560: ='Page 1 - General Information'!$G$12 -> 123468402 | B560: ='Page 1 - General Information'!$G$16 -> 3395 | C560: 2026-06-30 | N560: INDICATOR | R560: Y | S560: Bowling_B_V_Established | T560: {=IF(INDEX('Page 2 - Team Information'!$K$14:$AP$189,Y560,X560)="","",INDEX('Page 2 - Team Information'!$K$14:$AP$189,Y560,X560)&"-06-30")} | X560: 9 | Y560: 3
A561: ='Page 1 - General Information'!$G$12 -> 123468402 | B561: ='Page 1 - General Information'!$G$16 -> 3395 | C561: 2026-06-30 | N561: INDICATOR | R561: Y | S561: Bowling_B_V_Demotion | T561: {=IF(INDEX('Page 2 - Team Information'!$K$14:$AP$189,Y561,X561)="","",INDEX('Page 2 - Team Information'!$K$14:$AP$189,Y561,X561)&"-06-30")} | X561: 10 | Y561: 3
A562: ='Page 1 - General Information'!$G$12 -> 123468402 | B562: ='Page 1 - General Information'!$G$16 -> 3395 | C562: 2026-06-30 | N562: INDICATOR | R562: Y | S562: Bowling_B_V_Elimination | T562: {=IF(INDEX('Page 2 - Team Information'!$K$14:$AP$189,Y562,X562)="","",INDEX('Page 2 - Team Information'!$K$14:$AP$189,Y562,X562)&"-06-30")} | X562: 11 | Y562: 3
A563: ='Page 1 - General Information'!$G$12 -> 123468402 | B563: ='Page 1 - General Information'!$G$16 -> 3395 | C563: 2026-06-30 | N563: INDICATOR | R563: Y | S563: Bowling_B_V_Reinstatement | T563: {=IF(INDEX('Page 2 - Team Information'!$K$14:$AP$189,Y563,X563)="","",INDEX('Page 2 - Team Information'!$K$14:$AP$189,Y563,X563)&"-06-30")} | X563: 12 | Y563: 3
A564: ='Page 1 - General Information'!$G$12 -> 123468402 | B564: ='Page 1 - General Information'!$G$16 -> 3395 | C564: 2026-06-30 | N564: COUNT | O564: {=INDEX('Page 2 - Team Information'!$K$14:$AP$189,Y564,X564)} | S564: Bowling_B_V_ScheduledFall | X564: 14 | Y564: 3
A565: ='Page 1 - General Information'!$G$12 -> 123468402 | B565: ='Page 1 - General Information'!$G$16 -> 3395 | C565: 2026-06-30 | N565: COUNT | O565: {=INDEX('Page 2 - Team Information'!$K$14:$AP$189,Y565,X565)} | S565: Bowling_B_V_ScheduledWinter | X565: 15 | Y565: 3
A566: ='Page 1 - General Information'!$G$12 -> 123468402 | B566: ='Page 1 - General Information'!$G$16 -> 3395 | C566: 2026-06-30 | N566: COUNT | O566: {=INDEX('Page 2 - Team Information'!$K$14:$AP$189,Y566,X566)} | S566: Bowling_B_V_ScheduledSpring | X566: 16 | Y566: 3
A567: ='Page 1 - General Information'!$G$12 -> 123468402 | B567: ='Page 1 - General Information'!$G$16 -> 3395 | C567: 2026-06-30 | N567: COUNT | O567: {=INDEX('Page 2 - Team Information'!$K$14:$AP$189,Y567,X567)} -> 0 | S567: Bowling_B_V_ScheduledTotal | X567: 17 | Y567: 3
A568: ='Page 1 - General Information'!$G$12 -> 123468402 | B568: ='Page 1 - General Information'!$G$16 -> 3395 | C568: 2026-06-30 | N568: COUNT | O568: {=INDEX('Page 2 - Team Information'!$K$14:$AP$189,Y568,X568)} | S568: Bowling_B_V_PlayedFall | X568: 19 | Y568: 3
A569: ='Page 1 - General Information'!$G$12 -> 123468402 | B569: ='Page 1 - General Information'!$G$16 -> 3395 | C569: 2026-06-30 | N569: COUNT | O569: {=INDEX('Page 2 - Team Information'!$K$14:$AP$189,Y569,X569)} | S569: Bowling_B_V_PlayedWinter | X569: 20 | Y569: 3
A570: ='Page 1 - General Information'!$G$12 -> 123468402 | B570: ='Page 1 - General Information'!$G$16 -> 3395 | C570: 2026-06-30 | N570: COUNT | O570: {=INDEX('Page 2 - Team Information'!$K$14:$AP$189,Y570,X570)} | S570: Bowling_B_V_PlayedSpring | X570: 21 | Y570: 3
A571: ='Page 1 - General Information'!$G$12 -> 123468402 | B571: ='Page 1 - General Information'!$G$16 -> 3395 | C571: 2026-06-30 | N571: COUNT | O571: {=INDEX('Page 2 - Team Information'!$K$14:$AP$189,Y571,X571)} -> 0 | S571: Bowling_B_V_PlayedTotal | X571: 22 | Y571: 3
A572: ='Page 1 - General Information'!$G$12 -> 123468402 | B572: ='Page 1 - General Information'!$G$16 -> 3395 | C572: 2026-06-30 | N572: INDICATOR | R572: Y | S572: Cross Country_B_V_SeasonFall | V572: {=INDEX('Page 2 - Team Information'!$K$14:$AP$189,Y572,X572)} -> Yes | X572: 5 | Y572: 4
A573: ='Page 1 - General Information'!$G$12 -> 123468402 | B573: ='Page 1 - General Information'!$G$16 -> 3395 | C573: 2026-06-30 | N573: INDICATOR | R573: Y | S573: Cross Country_B_V_SeasonWinter | V573: {=INDEX('Page 2 - Team Information'!$K$14:$AP$189,Y573,X573)} | X573: 6 | Y573: 4
A574: ='Page 1 - General Information'!$G$12 -> 123468402 | B574: ='Page 1 - General Information'!$G$16 -> 3395 | C574: 2026-06-30 | N574: INDICATOR | R574: Y | S574: Cross Country_B_V_SeasonSpring | V574: {=INDEX('Page 2 - Team Information'!$K$14:$AP$189,Y574,X574)} | X574: 7 | Y574: 4
A575: ='Page 1 - General Information'!$G$12 -> 123468402 | B575: ='Page 1 - General Information'!$G$16 -> 3395 | C575: 2026-06-30 | N575: INDICATOR | R575: Y | S575: Cross Country_B_V_Established | T575: {=IF(INDEX('Page 2 - Team Information'!$K$14:$AP$189,Y575,X575)="","",INDEX('Page 2 - Team Information'!$K$14:$AP$189,Y575,X575)&"-06-30")} -> 1966-06-30 | X575: 9 | Y575: 4
A576: ='Page 1 - General Information'!$G$12 -> 123468402 | B576: ='Page 1 - General Information'!$G$16 -> 3395 | C576: 2026-06-30 | N576: INDICATOR | R576: Y | S576: Cross Country_B_V_Demotion | T576: {=IF(INDEX('Page 2 - Team Information'!$K$14:$AP$189,Y576,X576)="","",INDEX('Page 2 - Team Information'!$K$14:$AP$189,Y576,X576)&"-06-30")} | X576: 10 | Y576: 4
A577: ='Page 1 - General Information'!$G$12 -> 123468402 | B577: ='Page 1 - General Information'!$G$16 -> 3395 | C577: 2026-06-30 | N577: INDICATOR | R577: Y | S577: Cross Country_B_V_Elimination | T577: {=IF(INDEX('Page 2 - Team Information'!$K$14:$AP$189,Y577,X577)="","",INDEX('Page 2 - Team Information'!$K$14:$AP$189,Y577,X577)&"-06-30")} | X577: 11 | Y577: 4
A578: ='Page 1 - General Information'!$G$12 -> 123468402 | B578: ='Page 1 - General Information'!$G$16 -> 3395 | C578: 2026-06-30 | N578: INDICATOR | R578: Y | S578: Cross Country_B_V_Reinstatement | T578: {=IF(INDEX('Page 2 - Team Information'!$K$14:$AP$189,Y578,X578)="","",INDEX('Page 2 - Team Information'!$K$14:$AP$189,Y578,X578)&"-06-30")} | X578: 12 | Y578: 4
A579: ='Page 1 - General Information'!$G$12 -> 123468402 | B579: ='Page 1 - General Information'!$G$16 -> 3395 | C579: 2026-06-30 | N579: COUNT | O579: {=INDEX('Page 2 - Team Information'!$K$14:$AP$189,Y579,X579)} -> 10 | S579: Cross Country_B_V_ScheduledFall | X579: 14 | Y579: 4
A580: ='Page 1 - General Information'!$G$12 -> 123468402 | B580: ='Page 1 - General Information'!$G$16 -> 3395 | C580: 2026-06-30 | N580: COUNT | O580: {=INDEX('Page 2 - Team Information'!$K$14:$AP$189,Y580,X580)} | S580: Cross Country_B_V_ScheduledWinter | X580: 15 | Y580: 4
A581: ='Page 1 - General Information'!$G$12 -> 123468402 | B581: ='Page 1 - General Information'!$G$16 -> 3395 | C581: 2026-06-30 | N581: COUNT | O581: {=INDEX('Page 2 - Team Information'!$K$14:$AP$189,Y581,X581)} | S581: Cross Country_B_V_ScheduledSpring | X581: 16 | Y581: 4
A582: ='Page 1 - General Information'!$G$12 -> 123468402 | B582: ='Page 1 - General Information'!$G$16 -> 3395 | C582: 2026-06-30 | N582: COUNT | O582: {=INDEX('Page 2 - Team Information'!$K$14:$AP$189,Y582,X582)} -> 10 | S582: Cross Country_B_V_ScheduledTotal | X582: 17 | Y582: 4
A583: ='Page 1 - General Information'!$G$12 -> 123468402 | B583: ='Page 1 - General Information'!$G$16 -> 3395 | C583: 2026-06-30 | N583: COUNT | O583: {=INDEX('Page 2 - Team Information'!$K$14:$AP$189,Y583,X583)} -> 10 | S583: Cross Country_B_V_PlayedFall | X583: 19 | Y583: 4
A584: ='Page 1 - General Information'!$G$12 -> 123468402 | B584: ='Page 1 - General Information'!$G$16 -> 3395 | C584: 2026-06-30 | N584: COUNT | O584: {=INDEX('Page 2 - Team Information'!$K$14:$AP$189,Y584,X584)} | S584: Cross Country_B_V_PlayedWinter | X584: 20 | Y584: 4
A585: ='Page 1 - General Information'!$G$12 -> 123468402 | B585: ='Page 1 - General Information'!$G$16 -> 3395 | C585: 2026-06-30 | N585: COUNT | O585: {=INDEX('Page 2 - Team Information'!$K$14:$AP$189,Y585,X585)} | S585: Cross Country_B_V_PlayedSpring | X585: 21 | Y585: 4
A586: ='Page 1 - General Information'!$G$12 -> 123468402 | B586: ='Page 1 - General Information'!$G$16 -> 3395 | C586: 2026-06-30 | N586: COUNT | O586: {=INDEX('Page 2 - Team Information'!$K$14:$AP$189,Y586,X586)} -> 10 | S586: Cross Country_B_V_PlayedTotal | X586: 22 | Y586: 4
A587: ='Page 1 - General Information'!$G$12 -> 123468402 | B587: ='Page 1 - General Information'!$G$16 -> 3395 | C587: 2026-06-30 | N587: INDICATOR | R587: Y | S587: Football_B_V_SeasonFall | V587: {=INDEX('Page 2 - Team Information'!$K$14:$AP$189,Y587,X587)} -> Yes | X587: 5 | Y587: 5
A588: ='Page 1 - General Information'!$G$12 -> 123468402 | B588: ='Page 1 - General Information'!$G$16 -> 3395 | C588: 2026-06-30 | N588: INDICATOR | R588: Y | S588: Football_B_V_SeasonWinter | V588: {=INDEX('Page 2 - Team Information'!$K$14:$AP$189,Y588,X588)} | X588: 6 | Y588: 5
A589: ='Page 1 - General Information'!$G$12 -> 123468402 | B589: ='Page 1 - General Information'!$G$16 -> 3395 | C589: 2026-06-30 | N589: INDICATOR | R589: Y | S589: Football_B_V_SeasonSpring | V589: {=INDEX('Page 2 - Team Information'!$K$14:$AP$189,Y589,X589)} | X589: 7 | Y589: 5
A590: ='Page 1 - General Information'!$G$12 -> 123468402 | B590: ='Page 1 - General Information'!$G$16 -> 3395 | C590: 2026-06-30 | N590: INDICATOR | R590: Y | S590: Football_B_V_Established | T590: {=IF(INDEX('Page 2 - Team Information'!$K$14:$AP$189,Y590,X590)="","",INDEX('Page 2 - Team Information'!$K$14:$AP$189,Y590,X590)&"-06-30")} -> 1966-06-30 | X590: 9 | Y590: 5
A591: ='Page 1 - General Information'!$G$12 -> 123468402 | B591: ='Page 1 - General Information'!$G$16 -> 3395 | C591: 2026-06-30 | N591: INDICATOR | R591: Y | S591: Football_B_V_Demotion | T591: {=IF(INDEX('Page 2 - Team Information'!$K$14:$AP$189,Y591,X591)="","",INDEX('Page 2 - Team Information'!$K$14:$AP$189,Y591,X591)&"-06-30")} | X591: 10 | Y591: 5
A592: ='Page 1 - General Information'!$G$12 -> 123468402 | B592: ='Page 1 - General Information'!$G$16 -> 3395 | C592: 2026-06-30 | N592: INDICATOR | R592: Y | S592: Football_B_V_Elimination | T592: {=IF(INDEX('Page 2 - Team Information'!$K$14:$AP$189,Y592,X592)="","",INDEX('Page 2 - Team Information'!$K$14:$AP$189,Y592,X592)&"-06-30")} | X592: 11 | Y592: 5
A593: ='Page 1 - General Information'!$G$12 -> 123468402 | B593: ='Page 1 - General Information'!$G$16 -> 3395 | C593: 2026-06-30 | N593: INDICATOR | R593: Y | S593: Football_B_V_Reinstatement | T593: {=IF(INDEX('Page 2 - Team Information'!$K$14:$AP$189,Y593,X593)="","",INDEX('Page 2 - Team Information'!$K$14:$AP$189,Y593,X593)&"-06-30")} | X593: 12 | Y593: 5
A594: ='Page 1 - General Information'!$G$12 -> 123468402 | B594: ='Page 1 - General Information'!$G$16 -> 3395 | C594: 2026-06-30 | N594: COUNT | O594: {=INDEX('Page 2 - Team Information'!$K$14:$AP$189,Y594,X594)} -> 10 | S594: Football_B_V_ScheduledFall | X594: 14 | Y594: 5
A595: ='Page 1 - General Information'!$G$12 -> 123468402 | B595: ='Page 1 - General Information'!$G$16 -> 3395 | C595: 2026-06-30 | N595: COUNT | O595: {=INDEX('Page 2 - Team Information'!$K$14:$AP$189,Y595,X595)} | S595: Football_B_V_ScheduledWinter | X595: 15 | Y595: 5
A596: ='Page 1 - General Information'!$G$12 -> 123468402 | B596: ='Page 1 - General Information'!$G$16 -> 3395 | C596: 2026-06-30 | N596: COUNT | O596: {=INDEX('Page 2 - Team Information'!$K$14:$AP$189,Y596,X596)} | S596: Football_B_V_ScheduledSpring | X596: 16 | Y596: 5
A597: ='Page 1 - General Information'!$G$12 -> 123468402 | B597: ='Page 1 - General Information'!$G$16 -> 3395 | C597: 2026-06-30 | N597: COUNT | O597: {=INDEX('Page 2 - Team Information'!$K$14:$AP$189,Y597,X597)} -> 10 | S597: Football_B_V_ScheduledTotal | X597: 17 | Y597: 5
A598: ='Page 1 - General Information'!$G$12 -> 123468402 | B598: ='Page 1 - General Information'!$G$16 -> 3395 | C598: 2026-06-30 | N598: COUNT | O598: {=INDEX('Page 2 - Team Information'!$K$14:$AP$189,Y598,X598)} -> 10 | S598: Football_B_V_PlayedFall | X598: 19 | Y598: 5
A599: ='Page 1 - General Information'!$G$12 -> 123468402 | B599: ='Page 1 - General Information'!$G$16 -> 3395 | C599: 2026-06-30 | N599: COUNT | O599: {=INDEX('Page 2 - Team Information'!$K$14:$AP$189,Y599,X599)} | S599: Football_B_V_PlayedWinter | X599: 20 | Y599: 5
A600: ='Page 1 - General Information'!$G$12 -> 123468402 | B600: ='Page 1 - General Information'!$G$16 -> 3395 | C600: 2026-06-30 | N600: COUNT | O600: {=INDEX('Page 2 - Team Information'!$K$14:$AP$189,Y600,X600)} | S600: Football_B_V_PlayedSpring | X600: 21 | Y600: 5
A601: ='Page 1 - General Information'!$G$12 -> 123468402 | B601: ='Page 1 - General Information'!$G$16 -> 3395 | C601: 2026-06-30 | N601: COUNT | O601: {=INDEX('Page 2 - Team Information'!$K$14:$AP$189,Y601,X601)} -> 10 | S601: Football_B_V_PlayedTotal | X601: 22 | Y601: 5
A602: ='Page 1 - General Information'!$G$12 -> 123468402 | B602: ='Page 1 - General Information'!$G$16 -> 3395 | C602: 2026-06-30 | N602: INDICATOR | R602: Y | S602: Golf_B_V_SeasonFall | V602: {=INDEX('Page 2 - Team Information'!$K$14:$AP$189,Y602,X602)} -> Yes | X602: 5 | Y602: 6
A603: ='Page 1 - General Information'!$G$12 -> 123468402 | B603: ='Page 1 - General Information'!$G$16 -> 3395 | C603: 2026-06-30 | N603: INDICATOR | R603: Y | S603: Golf_B_V_SeasonWinter | V603: {=INDEX('Page 2 - Team Information'!$K$14:$AP$189,Y603,X603)} | X603: 6 | Y603: 6
A604: ='Page 1 - General Information'!$G$12 -> 123468402 | B604: ='Page 1 - General Information'!$G$16 -> 3395 | C604: 2026-06-30 | N604: INDICATOR | R604: Y | S604: Golf_B_V_SeasonSpring | V604: {=INDEX('Page 2 - Team Information'!$K$14:$AP$189,Y604,X604)} | X604: 7 | Y604: 6
A605: ='Page 1 - General Information'!$G$12 -> 123468402 | B605: ='Page 1 - General Information'!$G$16 -> 3395 | C605: 2026-06-30 | N605: INDICATOR | R605: Y | S605: Golf_B_V_Established | T605: {=IF(INDEX('Page 2 - Team Information'!$K$14:$AP$189,Y605,X605)="","",INDEX('Page 2 - Team Information'!$K$14:$AP$189,Y605,X605)&"-06-30")} -> 1966-06-30 | X605: 9 | Y605: 6
A606: ='Page 1 - General Information'!$G$12 -> 123468402 | B606: ='Page 1 - General Information'!$G$16 -> 3395 | C606: 2026-06-30 | N606: INDICATOR | R606: Y | S606: Golf_B_V_Demotion | T606: {=IF(INDEX('Page 2 - Team Information'!$K$14:$AP$189,Y606,X606)="","",INDEX('Page 2 - Team Information'!$K$14:$AP$189,Y606,X606)&"-06-30")} | X606: 10 | Y606: 6
A607: ='Page 1 - General Information'!$G$12 -> 123468402 | B607: ='Page 1 - General Information'!$G$16 -> 3395 | C607: 2026-06-30 | N607: INDICATOR | R607: Y | S607: Golf_B_V_Elimination | T607: {=IF(INDEX('Page 2 - Team Information'!$K$14:$AP$189,Y607,X607)="","",INDEX('Page 2 - Team Information'!$K$14:$AP$189,Y607,X607)&"-06-30")} | X607: 11 | Y607: 6
A608: ='Page 1 - General Information'!$G$12 -> 123468402 | B608: ='Page 1 - General Information'!$G$16 -> 3395 | C608: 2026-06-30 | N608: INDICATOR | R608: Y | S608: Golf_B_V_Reinstatement | T608: {=IF(INDEX('Page 2 - Team Information'!$K$14:$AP$189,Y608,X608)="","",INDEX('Page 2 - Team Information'!$K$14:$AP$189,Y608,X608)&"-06-30")} | X608: 12 | Y608: 6
A609: ='Page 1 - General Information'!$G$12 -> 123468402 | B609: ='Page 1 - General Information'!$G$16 -> 3395 | C609: 2026-06-30 | N609: COUNT | O609: {=INDEX('Page 2 - Team Information'!$K$14:$AP$189,Y609,X609)} -> 11 | S609: Golf_B_V_ScheduledFall | X609: 14 | Y609: 6
A610: ='Page 1 - General Information'!$G$12 -> 123468402 | B610: ='Page 1 - General Information'!$G$16 -> 3395 | C610: 2026-06-30 | N610: COUNT | O610: {=INDEX('Page 2 - Team Information'!$K$14:$AP$189,Y610,X610)} | S610: Golf_B_V_ScheduledWinter | X610: 15 | Y610: 6
A611: ='Page 1 - General Information'!$G$12 -> 123468402 | B611: ='Page 1 - General Information'!$G$16 -> 3395 | C611: 2026-06-30 | N611: COUNT | O611: {=INDEX('Page 2 - Team Information'!$K$14:$AP$189,Y611,X611)} | S611: Golf_B_V_ScheduledSpring | X611: 16 | Y611: 6
A612: ='Page 1 - General Information'!$G$12 -> 123468402 | B612: ='Page 1 - General Information'!$G$16 -> 3395 | C612: 2026-06-30 | N612: COUNT | O612: {=INDEX('Page 2 - Team Information'!$K$14:$AP$189,Y612,X612)} -> 11 | S612: Golf_B_V_ScheduledTotal | X612: 17 | Y612: 6
...

Sheet PIMS LEA
A1: AUN | B1: LEA Name | C1: AUN | D1: LEA Type | E1: Tony 4-9-26
A2: 000000000 | B2: [Make Selection From Drop-Down List ] | C2: 000000000
A3: 124150002 | B3: 21st Century Cyber CS | C3: 124150002 | D3: Cyber CS
A4: 119350303 | B4: Abington Heights SD | C4: 119350303 | D4: SD
A5: 123460302 | B5: Abington SD | C5: 123460302 | D5: SD
A6: 125230001 | B6: Achievement House CS | C6: 125230001 | D6: Cyber CS
A7: 126510015 | B7: Ad Prima CS | C7: 126510015 | D7: CS
A8: 126510020 | B8: Agora Cyber CS | C8: 126510020 | D8: Cyber CS
A9: 101260303 | B9: Albert Gallatin Area SD | C9: 101260303 | D9: SD
A10: 127040503 | B10: Aliquippa SD | C10: 127040503 | D10: SD
A11: 103020603 | B11: Allegheny Valley SD | C11: 103020603 | D11: SD
A12: 106160303 | B12: Allegheny-Clarion Valley SD | C12: 106160303 | D12: SD
A13: 121390302 | B13: Allentown City SD | C13: 121390302 | D13: SD
A14: 126512990 | B14: Alliance for Progress CS | C14: 126512990 | D14: CS
... A178: 108053003 | B178: Everett Area SD | C178: 108053003 | D178: SD
A179: 120450003 | B179: Evergreen Community CS | C179: 120450003 | D179: CS | E179: Last Update+
A180: 121398065 | B180: Executive Education Academy CS | C180: 121398065 | D180: CS
A181: 114062003 | B181: Exeter Township SD | C181: 114062003 | D181: SD
A182: 112013054 | B182: Fairfield Area SD | C182: 112013054 | D182: SD
A183: 105253303 | B183: Fairview SD | C183: 105253303 | D183: SD
A184: 112282004 | B184: Fannett-Metal SD | C184: 112282004 | D184: SD
A185: 104432503 | B185: Farrell Area SD | C185: 104432503 | D185: SD
A186: 119350001 | B186: Fell CS | C186: 119350001 | D186: CS
A187: 108112003 | B187: Ferndale Area SD | C187: 108112003 | D187: SD
A188: 100510000 | B188: First Philadelphia Preparatory CS | C188: 100510000 | D188: CS
A189: 114062503 | B189: Fleetwood Area SD | C189: 114062503 | D189: SD
A190: 126510021 | B190: Folk Arts-Cultural Treasures CS | C190: 126510021 | D190: CS
A191: 111292304 | B191: Forbes Road SD | C191: 111292304 | D191: SD
... A632: 118408852 | B632: Wilkes-Barre Area SD | C632: 118408852 | D632: SD
A633: 125239652 | B633: William Penn SD | C633: 125239652 | D633: SD
A634: 129548803 | B634: Williams Valley SD | C634: 129548803 | D634: SD
A635: 108079004 | B635: Williamsburg Community SD | C635: 108079004 | D635: SD
A636: 117417202 | B636: Williamsport Area SD | C636: 117417202 | D636: SD
A637: 104378003 | B637: Wilmington Area SD | C637: 104378003 | D637: SD
A638: 120488603 | B638: Wilson Area SD | C638: 120488603 | D638: SD
A639: 114069103 | B639: Wilson SD | C639: 114069103 | D639: SD
A640: 108569103 | B640: Windber Area SD | C640: 108569103 | D640: SD
A641: 126510007 | B641: Wissahickon CS | C641: 126510007 | D641: CS
A642: 123469303 | B642: Wissahickon SD | C642: 123469303 | D642: SD
A643: 103029902 | B643: Woodland Hills SD | C643: 103029902 | D643: SD
A644: 117089003 | B644: Wyalusing Area SD | C644: 117089003 | D644: SD
A645: 118409203 | B645: Wyoming Area SD | C645: 118409203 | D645: SD
... A657: 126512870 | B657: Youth Build Phila CS | C657: 126512870 | D657: CS

Sheet PIMS School
A1: AUN | B1: AUN Index | C1: Building Key | D1: Building Key 2 | E1: LEAInstName | F1: LEACategory | G1: LEAStatus | H1: SchoolBranchNum | I1: SchoolName | J1: SchoolBranchNum | K1: School MailingAddressLine2 | L1: Tony 4-9-26
A2: 100510000 | B2: 1 | C2: 1005100001 | D2: 100510000First Philadelphia Preparatory CS | E2: First Philadelphia Preparatory CS | F2: CS | G2: 0000 | H2: 7744 | I2: First Philadelphia Preparatory CS | J2: 7744
A3: 101260303 | B3: 1 | C3: 1012603031 | D3: 101260303Albert Gallatin Area SHS | E3: Albert Gallatin Area SD | F3: SD | G3: 0000 | H3: 6001 | I3: Albert Gallatin Area SHS | J3: 6001
A4: 101260303 | B4: 2 | C4: 1012603032 | D4: 101260303Albert Gallatin North MS | E4: Albert Gallatin Area SD | F4: SD | G4: 0000 | H4: 7607 | I4: Albert Gallatin North MS | J4: 7607
A5: 101260303 | B5: 3 | C5: 1012603033 | D5: 101260303Albert Gallatin South MS | E5: Albert Gallatin Area SD | F5: SD | G5: 0000 | H5: 7608 | I5: Albert Gallatin South MS | J5: 7608
A6: 101260803 | B6: 1 | C6: 1012608031 | D6: 101260803Brownsville Area MS | E6: Brownsville Area SD | F6: SD | G6: 0000 | H6: 2154 | I6: Brownsville Area MS | J6: 2154
A7: 101260803 | B7: 2 | C7: 1012608032 | D7: 101260803Brownsville Area HS | E7: Brownsville Area SD | F7: SD | G7: 0000 | H7: 4818 | I7: Brownsville Area HS | J7: 4818
A8: 101261302 | B8: 1 | C8: 1012613021 | D8: 101261302Connellsville Area MS | E8: Connellsville Area SD | F8: SD | G8: 0000 | H8: 2105 | I8: Connellsville Area MS | J8: 2105
A9: 101261302 | B9: 2 | C9: 1012613022 | D9: 101261302Connellsville Area SHS | E9: Connellsville Area SD | F9: SD | G9: 0000 | H9: 5228 | I9: Connellsville Area SHS | J9: 5228
A10: 101262903 | B10: 1 | C10: 1012629031 | D10: 101262903Frazier HS | E10: Frazier SD | F10: SD | G10: 0000 | H10: 2126 | I10: Frazier HS | J10: 2126
A11: 101262903 | B11: 2 | C11: 1012629032 | D11: 101262903Frazier MS | E11: Frazier SD | F11: SD | G11: 0000 | H11: 7176 | I11: Frazier MS | J11: 7176
A12: 101264003 | B12: 1 | C12: 1012640031 | D12: 101264003Laurel Highlands MS | E12: Laurel Highlands SD | F12: SD | G12: 0000 | H12: 5146 | I12: Laurel Highlands MS | J12: 5146
A13: 101264003 | B13: 2 | C13: 1012640032 | D13: 101264003Laurel Highlands SHS | E13: Laurel Highlands SD | F13: SD | G13: 0000 | H13: 6600 | I13: Laurel Highlands SHS | J13: 6600
... A1378: 199025446 | B1378: 1 | C1378: 1990254461 | D1378: 199025446Environmental CS at Frick Park | E1378: Environmental CS at Frick Park | F1378: CS | G1378: 0000 | H1378: 8028 | I1378: Environmental CS at Frick Park | J1378: 8028

Sheet Enrollment Report
B2: 007 | C2: 007 | D2: 008 | E2: 008 | F2: 009 | G2: 009 | H2: 010 | I2: 010 | J2: 011 | K2: 011 | L2: 012 | M2: 012 | N2: Grand Total | P2: Tony 4-9-26
A3: Key | B3: Female | C3: Male | D3: Female | E3: Male | F3: Female | G3: Male | H3: Female | I3: Male | J3: Female | K3: Male | L3: Female | M3: Male
A4: 1013085038442 | B4: 22 | C4: 22 | D4: 24 | E4: 25 | F4: 19 | G4: 33 | H4: 27 | I4: 24 | J4: 19 | K4: 25 | L4: 15 | M4: 36
A5: 1016339034249 | F5: 61 | G5: 52 | H5: 52 | I5: 55 | J5: 61 | K5: 59 | L5: 53 | M5: 66
A6: 1016370028103 | B6: 97 | C6: 78 | D6: 85 | E6: 110
A7: 1020275608362 | B7: 24 | C7: 22 | D7: 10 | E7: 19
A8: 1030200047832 | B8: 40 | C8: 32 | D8: 34 | E8: 37 | F8: 31 | G8: 35 | H8: 30 | I8: 43 | J8: 18 | K8: 28 | L8: 14 | M8: 16
A9: 1030203688337 | B9: 13 | C9: 21 | D9: 8 | E9: 13
A10: 1030210030314 | B10: 201 | C10: 164 | D10: 152 | E10: 194
A11: 1030217526706 | F11: 123 | G11: 112 | H11: 115 | I11: 144 | J11: 113 | K11: 126 | L11: 116 | M11: 134
A12: 1030231534804 | B12: 83 | C12: 102 | D12: 87 | E12: 81
A13: 1030234107648 | C13: 3 | D13: 3 | E13: 4 | F13: 3 | G13: 5 | H13: 6 | I13: 11 | J13: 2 | K13: 5 | L13: 7 | M13: 13
A14: 1030241628218 | B14: 9 | C14: 9 | D14: 11 | E14: 8
A15: 1030247535153 | F15: 66 | G15: 85 | H15: 69 | I15: 79 | J15: 74 | K15: 74 | L15: 65 | M15: 93
A16: 1030247537202 | B16: 69 | C16: 77 | D16: 83 | E16: 74
A17: 1030273525019 | B17: 108 | C17: 101 | D17: 92 | E17: 118
A18: 1030275035105 | B18: 137 | C18: 130 | D18: 105 | E18: 153
A19: 1030277530447 | B19: 68 | C19: 64 | D19: 79 | E19: 74
A20: 1030283028002 | B20: 164 | C20: 126 | D20: 133 | E20: 164
A21: 1030294030509 | F21: 129 | G21: 120 | H21: 127 | I21: 159 | J21: 111 | K21: 139 | L21: 135 | M21: 130
A22: 1030295534867 | B22: 137 | C22: 140 | D22: 136 | E22: 128
A23: 1030296030536 | F23: 105 | G23: 122 | H23: 112 | I23: 113 | J23: 110 | K23: 104 | L23: 117 | M23: 102
A24: 1043753022704 | F24: 124 | G24: 110 | H24: 88 | I24: 94 | J24: 84 | K24: 86 | L24: 77 | M24: 84
A25: 1044325035248 | B25: 25 | C25: 19 | D25: 26 | E25: 25 | F25: 21 | G25: 31 | H25: 29 | I25: 23 | J25: 25 | K25: 24 | L25: 21 | M25: 19
A26: 1044328307506 | B26: 5 | C26: 4 | D26: 5 | E26: 3 | F26: 10 | G26: 16 | H26: 16 | I26: 24 | J26: 15 | K26: 30 | L26: 12 | M26: 10
A27: 1044356038092 | B27: 60 | C27: 80 | D27: 51 | E27: 70
A28: 1052013521653 | B28: 105 | C28: 95 | D28: 88 | E28: 94
A29: 1052526028417 | F29: 385 | G29: 422 | H29: 314 | I29: 371 | J29: 265 | K29: 306 | L29: 207 | M29: 211
A30: 1052543532048 | B30: 87 | C30: 74 | D30: 74 | E30: 78
A31: 1052576027384 | B31: 70 | C31: 73 | D31: 61 | E31: 64
A32: 1052583036145 | D32: 1 | F32: 40 | G32: 50 | H32: 57 | I32: 60 | J32: 55 | K32: 78 | L32: 61 | M32: 61
A33: 1056200017833 | B33: 18 | C33: 14 | D33: 20 | E33: 11 | F33: 6 | G33: 17 | H33: 5 | I33: 9 | J33: 16 | K33: 5 | L33: 11 | M33: 4
A34: 1056283024143 | B34: 23 | C34: 35 | D34: 22 | E34: 34 | F34: 58 | G34: 57 | H34: 33 | I34: 44 | J34: 59 | K34: 54 | L34: 59 | M34: 51
A35: 1056283024149 | F35: 100 | G35: 121 | H35: 94 | I35: 112 | J35: 108 | K35: 92 | L35: 105 | M35: 115
A36: 1061680031495 | B36: 35 | C36: 44 | D36: 39 | E36: 32 | F36: 37 | G36: 34 | H36: 36 | I36: 42 | J36: 47 | K36: 37 | L36: 38 | M36: 47
A37: 1066122034106 | B37: 74 | C37: 59 | D37: 64 | E37: 64 | F37: 68 | G37: 71 | H37: 73 | I37: 62 | J37: 59 | K37: 82 | L37: 58 | M37: 59
A38: 1066162034931 | C38: 1 | F38: 83 | G38: 72 | H38: 73 | I38: 80 | J38: 79 | K38: 79 | L38: 60 | M38: 64
A39: 1076526034360 | F39: 132 | G39: 130 | H39: 135 | I39: 142 | J39: 127 | K39: 148 | L39: 123 | M39: 169
A40: 1076530407550 | B40: 1 | C40: 3 | D40: 4 | E40: 8 | F40: 10 | G40: 15 | H40: 9 | I40: 24 | J40: 5 | K40: 13 | L40: 6 | M40: 21
A41: 1076532034372 | B41: 84 | C41: 100 | D41: 92 | E41: 88
A42: 1076549034440 | B42: 31 | C42: 35 | D42: 50 | E42: 59
A43: 1076565024717 | F43: 188 | G43: 224 | H43: 192 | I43: 203 | J43: 204 | K43: 214 | L43: 213 | M43: 204
A44: 1076589034508 | B44: 62 | C44: 63 | D44: 77 | E44: 70
A45: 1080515030729 | B45: 31 | C45: 38
A46: 1080515030732 | D46: 55 | E46: 39 | F46: 36 | G46: 40 | H46: 50 | I46: 58 | J46: 39 | K46: 44 | L46: 42 | M46: 59
A47: 1080530037897 | F47: 42 | G47: 54 | H47: 54 | I47: 50 | J47: 43 | K47: 49 | L47: 43 | M47: 59
A48: 1080580030753 | F48: 18 | G48: 29 | H48: 33 | I48: 30 | J48: 45 | K48: 40 | L48: 25 | M48: 39
A49: 1080775030941 | F49: 68 | G49: 60 | H49: 55 | I49: 67 | J49: 53 | K49: 70 | L49: 68 | M49: 65
A50: 1085670044002 | B50: 6 | C50: 9 | D50: 7 | E50: 13 | F50: 11 | G50: 8 | H50: 11 | I50: 6 | J50: 11 | K50: 9 | L50: 9 | M50: 13
A51: 1085674047398 | B51: 8 | C51: 11 | D51: 11 | E51: 11
A52: 1085684046216 | B52: 9 | C52: 6 | D52: 7 | E52: 7 | F52: 5 | G52: 13 | H52: 10 | I52: 12 | J52: 9 | K52: 10 | L52: 7 | M52: 7
A53: 1092480035169 | F53: 72 | G53: 91 | H53: 69 | I53: 70 | J53: 51 | K53: 71 | L53: 66 | M53: 69
A54: 1094208033092 | B54: 70 | C54: 81 | D54: 85 | E54: 94
A55: 1094208034691 | F55: 86 | G55: 91 | H55: 81 | I55: 91 | J55: 85 | K55: 85 | L55: 88 | M55: 87
A56: 1094260033107 | B56: 11 | C56: 18 | D56: 18 | E56: 24 | F56: 19 | G56: 21 | H56: 17 | I56: 23 | J56: 22 | K56: 24 | L56: 21 | M56: 25
A57: 1094275033117 | B57: 19 | C57: 31 | D57: 21 | E57: 31 | F57: 24 | G57: 32 | H57: 26 | I57: 30 | J57: 21 | K57: 34 | L57: 25 | M57: 26
A58: 1095303046222 | B58: 5 | C58: 10 | D58: 5 | E58: 9 | F58: 2 | G58: 6 | H58: 9 | I58: 10 | J58: 10 | K58: 4 | L58: 7 | M58: 7
A59: 1101730035219 | B59: 29 | C59: 20 | D59: 33 | E59: 27 | F59: 23 | G59: 28 | H59: 21 | I59: 23 | J59: 28 | K59: 31 | L59: 38 | M59: 33
A60: 1101770038301 | B60: 52 | C60: 70 | D60: 59 | E60: 63
A61: 1101836026241 | B61: 16 | C61: 17 | D61: 13 | E61: 14 | F61: 7 | G61: 17 | H61: 11 | I61: 13 | J61: 9 | K61: 15 | L61: 10 | M61: 15
A62: 1113175032313 | B62: 43 | C62: 32 | D62: 45 | E62: 28 | F62: 37 | G62: 54 | H62: 36 | I62: 46 | J62: 37 | K62: 36 | L62: 39 | M62: 56
A63: 1114446028186 | D63: 164 | E63: 179 | F63: 172 | G63: 176
A64: 1120111036921 | B64: 55 | C64: 79 | D64: 66 | E64: 64
A65: 1122813026615 | B65: 146 | C65: 175 | D65: 178 | E65: 188
A66: 1126728034570 | B66: 92 | C66: 75 | D66: 78 | E66: 58
A67: 1126764036641 | B67: 163 | C67: 191 | D67: 176 | E67: 182 | G67: 1
A68: 1133613036290 | F68: 98 | G68: 120 | H68: 107 | I68: 126 | J68: 121 | K68: 136 | L68: 117 | M68: 119
A69: 1133615032515 | F69: 39 | G69: 46 | H69: 52 | I69: 71 | J69: 37 | K69: 50 | L69: 34 | M69: 49
A70: 1133623032552 | E70: 1
A71: 1133623032554 | B71: 1 | D71: 1 | E71: 3 | F71: 119 | G71: 96 | H71: 101 | I71: 111 | J71: 114 | K71: 108 | L71: 79 | M71: 115
A72: 1133626036712 | B72: 139 | C72: 142 | D72: 147 | E72: 137
A73: 1133626038458 | C73: 3 | D73: 3 | E73: 1 | F73: 1 | G73: 1
A74: 1133640027922 | F74: 30 | G74: 30 | H74: 33 | I74: 29 | J74: 34 | K74: 44 | L74: 22 | M74: 23
A75: 1133644037953 | B75: 88 | C75: 116 | D75: 105 | E75: 116 | G75: 2
A76: 1133652035238 | B76: 93 | C76: 92 | D76: 102 | E76: 98
A77: 1133690032663 | C77: 2 | D77: 1 | E77: 2 | F77: 146 | G77: 160 | H77: 151 | I77: 139 | J77: 127 | K77: 159 | L77: 128 | M77: 167
A78: 1133846035155 | F78: 186 | G78: 180 | H78: 175 | I78: 201 | J78: 163 | K78: 164 | L78: 142 | M78: 144
A79: 1140605035205 | B79: 43 | C79: 36 | D79: 47 | E79: 40
A80: 1140607536306 | F80: 261 | G80: 303 | H80: 236 | I80: 247 | J80: 251 | K80: 254 | L80: 235 | M80: 271
A81: 1140670028116 | F81: 814 | G81: 888 | H81: 528 | I81: 592 | J81: 539 | K81: 551 | L81: 444 | M81: 418
A82: 1140675036888 | B82: 90 | C82: 90 | D82: 84 | E82: 91
A83: 1140681030873 | F83: 93 | G83: 120 | H83: 108 | I83: 118 | J83: 127 | K83: 112 | L83: 139 | M83: 113
A84: 1140691036980 | F84: 241 | G84: 260 | H84: 260 | I84: 254 | J84: 267 | K84: 284 | L84: 272 | M84: 284
A85: 1152125031707 | F85: 92 | G85: 105 | H85: 93 | I85: 104 | J85: 87 | K85: 91 | L85: 105 | M85: 107
A86: 1152240031776 | F86: 139 | G86: 147 | H86: 124 | I86: 142 | J86: 125 | K86: 144 | L86: 125 | M86: 151
A87: 1152240037414 | B87: 115 | C87: 122 | D87: 131 | E87: 122
A88: 1152261031794 | F88: 34 | G88: 23 | H88: 25 | I88: 22 | J88: 18 | K88: 18 | L88: 20 | M88: 37
A89: 1155030047468 | B89: 28 | C89: 32 | D89: 14 | E89: 24
A90: 1155060033589 | F90: 82 | G90: 91 | H90: 55 | I90: 69 | J90: 41 | K90: 61 | L90: 57 | M90: 49
A91: 1155060037367 | B91: 59 | C91: 63 | D91: 61 | E91: 73
A92: 1164965037892 | B92: 79 | C92: 91 | D92: 83 | E92: 80
A93: 1164966038372 | B93: 93 | C93: 87 | D93: 104 | E93: 96
A94: 1165550033962 | D94: 69 | E94: 78 | F94: 72 | G94: 68 | H94: 60 | I94: 84 | J94: 73 | K94: 75 | L94: 63 | M94: 71
A95: 1170830040964 | B95: 22 | C95: 20 | D95: 23 | E95: 23 | F95: 20 | G95: 30 | H95: 17 | I95: 27 | J95: 32 | K95: 26 | L95: 23 | M95: 31
A96: 1174140033033 | B96: 78 | C96: 75 | D96: 78 | E96: 79
A97: 1174142034828 | F97: 42 | G97: 65 | H97: 49 | I97: 63 | J97: 48 | K97: 60 | L97: 69 | M97: 54
A98: 1174153033048 | B98: 28 | C98: 34 | D98: 34 | E98: 43 | F98: 38 | G98: 40 | H98: 29 | I98: 37 | J98: 38 | K98: 45 | L98: 39 | M98: 40
A99: 1175970034068 | B99: 40 | C99: 49 | D99: 43 | E99: 50 | F99: 41 | G99: 44 | H99: 34 | I99: 39 | J99: 49 | K99: 36 | L99: 46 | M99: 55
A100: 1175985034080 | F100: 64 | G100: 56 | H100: 73 | I100: 66 | J100: 56 | K100: 53 | L100: 64 | M100: 63
A101: 1184030032891 | B101: 99 | C101: 83 | D101: 78 | E101: 88 | F101: 85 | G101: 103 | H101: 79 | I101: 85 | J101: 68 | K101: 81 | L101: 72 | M101: 74
...

Sheet Race Data
B2: 1 | C2: 2 | D2: 3 | E2: 4 | F2: 5 | G2: 6 | H2: 7 | I2: 8 | J2: 9 | K2: 10 | L2: 11 | M2: 12 | N2: 13 | O2: 14
B3: KEY | C3: AUN | D3: LEA | E3: School | F3: Bld # | G3: Gender | H3: American Indian/Alaskan Native | I3: Black/African American (Not Hispanic) | J3: Hispanic (Any Race) | K3: White/Caucasian (Not Hispanic) | L3: Multi-Racial (Not Hispanic) | M3: Asian (Not Hispanic) | N3: Native Hawaiian or Other Pacific Islander (Not Hispanic) | O3: Total | P3: Tony 4-9-26
B4: 1005100007744Female | C4: 100510000 | D4: First Philadelphia Preparatory CS | E4: First Philadelphia Preparatory CS | F4: 7744 | G4: Female | H4: * | I4: 153 | J4: 112 | K4: 20 | L4: 46 | M4: * | O4: 336
B5: 1005100007744Male | C5: 100510000 | D5: First Philadelphia Preparatory CS | E5: First Philadelphia Preparatory CS | F5: 7744 | G5: Male | H5: * | I5: 175 | J5: 135 | K5: 27 | L5: 62 | M5: * | N5: * | O5: 405
B6: 1005100007744Total | C6: 100510000 | D6: First Philadelphia Preparatory CS | E6: First Philadelphia Preparatory CS Total | F6: 7744 | G6: Total | H6: * | I6: 328 | J6: 247 | K6: 47 | L6: 108 | M6: * | N6: * | O6: 741
B7: 1012603036001Female | C7: 101260303 | D7: Albert Gallatin Area SD | E7: Albert Gallatin Area SHS | F7: 6001 | G7: Female | H7: * | I7: 18 | J7: * | K7: 434 | L7: 17 | O7: 478
B8: 1012603036001Male | C8: 101260303 | D8: Albert Gallatin Area SD | E8: Albert Gallatin Area SHS | F8: 6001 | G8: Male | H8: * | I8: 19 | J8: * | K8: 440 | L8: 21 | M8: * | O8: 490
B9: 1012603036001Total | C9: 101260303 | D9: Albert Gallatin Area SD | E9: Albert Gallatin Area SHS Total | F9: 6001 | G9: Total | H9: * | I9: 37 | J9: 16 | K9: 874 | L9: 38 | M9: * | O9: 968
B10: 1012603037607Female | C10: 101260303 | D10: Albert Gallatin Area SD | E10: Albert Gallatin North MS | F10: 7607 | G10: Female | I10: * | K10: 91 | L10: * | O10: 104
B11: 1012603037607Male | C11: 101260303 | D11: Albert Gallatin Area SD | E11: Albert Gallatin North MS | F11: 7607 | G11: Male | I11: * | K11: 111 | L11: * | O11: 121
B12: 1012603037607Total | C12: 101260303 | D12: Albert Gallatin Area SD | E12: Albert Gallatin North MS Total | F12: 7607 | G12: Total | I12: * | K12: 202 | L12: 15 | O12: 225
B13: 1012603037608Female | C13: 101260303 | D13: Albert Gallatin Area SD | E13: Albert Gallatin South MS | F13: 7608 | G13: Female | H13: * | I13: * | J13: * | K13: 94 | L13: * | O13: 106
B14: 1012603037608Male | C14: 101260303 | D14: Albert Gallatin Area SD | E14: Albert Gallatin South MS | F14: 7608 | G14: Male | I14: * | K14: 93 | L14: * | O14: 100
B15: 1012603037608Total | C15: 101260303 | D15: Albert Gallatin Area SD | E15: Albert Gallatin South MS Total | F15: 7608 | G15: Total | H15: * | I15: * | J15: * | K15: 187 | L15: 11 | O15: 206
B16: 1012608032154Female | C16: 101260803 | D16: Brownsville Area SD | E16: Brownsville Area MS | F16: 2154 | G16: Female | I16: * | J16: * | K16: 88 | L16: * | O16: 104
B17: 1012608032154Male | C17: 101260803 | D17: Brownsville Area SD | E17: Brownsville Area MS | F17: 2154 | G17: Male | I17: * | J17: * | K17: 98 | L17: * | O17: 109
B18: 1012608032154Total | C18: 101260803 | D18: Brownsville Area SD | E18: Brownsville Area MS Total | F18: 2154 | G18: Total | I18: * | J18: * | K18: 186 | L18: 13 | O18: 213
B19: 1012608034818Female | C19: 101260803 | D19: Brownsville Area SD | E19: Brownsville Area HS | F19: 4818 | G19: Female | H19: * | I19: 15 | J19: * | K19: 154 | L19: 25 | M19: * | O19: 202
B20: 1012608034818Male | C20: 101260803 | D20: Brownsville Area SD | E20: Brownsville Area HS | F20: 4818 | G20: Male | I20: 12 | J20: * | K20: 177 | L20: 26 | O20: 217
B21: 1012608034818Total | C21: 101260803 | D21: Brownsville Area SD | E21: Brownsville Area HS Total | F21: 4818 | G21: Total | H21: * | I21: 27 | J21: * | K21: 331 | L21: 51 | M21: * | O21: 419
B22: 1012613022105Female | C22: 101261302 | D22: Connellsville Area SD | E22: Connellsville Area MS | F22: 2105 | G22: Female | I22: * | J22: * | K22: 259 | L22: 11 | O22: 277
B23: 1012613022105Male | C23: 101261302 | D23: Connellsville Area SD | E23: Connellsville Area MS | F23: 2105 | G23: Male | I23: * | J23: * | K23: 262 | L23: 14 | O23: 288
B24: 1012613022105Total | C24: 101261302 | D24: Connellsville Area SD | E24: Connellsville Area MS Total | F24: 2105 | G24: Total | I24: 12 | J24: * | K24: 521 | L24: 25 | O24: 565
B25: 1012613025228Female | C25: 101261302 | D25: Connellsville Area SD | E25: Connellsville Area SHS | F25: 5228 | G25: Female | H25: * | I25: 11 | J25: * | K25: 451 | L25: 24 | M25: * | O25: 497
B26: 1012613025228Male | C26: 101261302 | D26: Connellsville Area SD | E26: Connellsville Area SHS | F26: 5228 | G26: Male | I26: 16 | J26: 14 | K26: 531 | L26: 21 | M26: * | O26: 584
B27: 1012613025228Total | C27: 101261302 | D27: Connellsville Area SD | E27: Connellsville Area SHS Total | F27: 5228 | G27: Total | H27: * | I27: 27 | J27: 22 | K27: 982 | L27: 45 | M27: * | O27: 1081
B28: 1012629032126Female | C28: 101262903 | D28: Frazier SD | E28: Frazier HS | F28: 2126 | G28: Female | I28: * | J28: * | K28: 140 | L28: * | O28: 147
B29: 1012629032126Male | C29: 101262903 | D29: Frazier SD | E29: Frazier HS | F29: 2126 | G29: Male | I29: * | J29: * | K29: 159 | L29: * | M29: * | O29: 167
B30: 1012629032126Total | C30: 101262903 | D30: Frazier SD | E30: Frazier HS Total | F30: 2126 | G30: Total | I30: * | J30: * | K30: 299 | L30: * | M30: * | O30: 314
B31: 1012629037176Female | C31: 101262903 | D31: Frazier SD | E31: Frazier MS | F31: 7176 | G31: Female | K31: 66 | L31: * | O31: 68
B32: 1012629037176Male | C32: 101262903 | D32: Frazier SD | E32: Frazier MS | F32: 7176 | G32: Male | I32: * | K32: 77 | L32: * | O32: 81
B33: 1012629037176Total | C33: 101262903 | D33: Frazier SD | E33: Frazier MS Total | F33: 7176 | G33: Total | I33: * | K33: 143 | L33: * | O33: 149
B34: 1012640035146Female | C34: 101264003 | D34: Laurel Highlands SD | E34: Laurel Highlands MS | F34: 5146 | G34: Female | I34: 12 | J34: * | K34: 173 | L34: 16 | N34: * | O34: 210
B35: 1012640035146Male | C35: 101264003 | D35: Laurel Highlands SD | E35: Laurel Highlands MS | F35: 5146 | G35: Male | I35: 16 | J35: * | K35: 172 | L35: 21 | M35: * | N35: * | O35: 219
B36: 1012640035146Total | C36: 101264003 | D36: Laurel Highlands SD | E36: Laurel Highlands MS Total | F36: 5146 | G36: Total | I36: 28 | J36: * | K36: 345 | L36: 37 | M36: * | N36: * | O36: 429
B37: 1012640036600Female | C37: 101264003 | D37: Laurel Highlands SD | E37: Laurel Highlands SHS | F37: 6600 | G37: Female | I37: 23 | J37: * | K37: 324 | L37: 29 | M37: * | N37: * | O37: 386
B38: 1012640036600Male | C38: 101264003 | D38: Laurel Highlands SD | E38: Laurel Highlands SHS | F38: 6600 | G38: Male | H38: * | I38: 15 | J38: * | K38: 335 | L38: 27 | M38: * | N38: * | O38: 391
B39: 1012640036600Total | C39: 101264003 | D39: Laurel Highlands SD | E39: Laurel Highlands SHS Total | F39: 6600 | G39: Total | H39: * | I39: 38 | J39: 11 | K39: 659 | L39: 56 | M39: * | N39: * | O39: 777
B40: 1012660076643Female | C40: 101266007 | D40: Connellsville Area Career & Technical Ce | E40: Connellsville Area Career & Technical Ce | F40: 6643 | G40: Female | I40: * | J40: * | K40: 192 | L40: * | O40: 212
B41: 1012660076643Male | C41: 101266007 | D41: Connellsville Area Career & Technical Ce | E41: Connellsville Area Career & Technical Ce | F41: 6643 | G41: Male | I41: * | J41: * | K41: 353 | L41: 12 | O41: 384
B42: 1012660076643Total | C42: 101266007 | D42: Connellsville Area Career & Technical Ce | E42: Connellsville Area Career & Technical Ce Total | F42: 6643 | G42: Total | I42: 18 | J42: 12 | K42: 545 | L42: 21 | O42: 596
B43: 1012680032137Female | C43: 101268003 | D43: Uniontown Area SD | E43: Marclay Sch | F43: 2137 | G43: Female | J43: * | K43: 41 | L43: * | O43: 44
B44: 1012680032137Male | C44: 101268003 | D44: Uniontown Area SD | E44: Marclay Sch | F44: 2137 | G44: Male | J44: * | K44: 29 | L44: * | O44: 31
B45: 1012680032137Total | C45: 101268003 | D45: Uniontown Area SD | E45: Marclay Sch Total | F45: 2137 | G45: Total | J45: * | K45: 70 | L45: * | O45: 75
B46: 1012680032182Female | C46: 101268003 | D46: Uniontown Area SD | E46: Ben Franklin Sch | F46: 2182 | G46: Female | I46: 13 | J46: * | K46: 71 | L46: * | O46: 99
B47: 1012680032182Male | C47: 101268003 | D47: Uniontown Area SD | E47: Ben Franklin Sch | F47: 2182 | G47: Male | I47: * | J47: * | K47: 66 | L47: * | M47: * | N47: * | O47: 92
B48: 1012680032182Total | C48: 101268003 | D48: Uniontown Area SD | E48: Ben Franklin Sch Total | F48: 2182 | G48: Total | I48: 22 | J48: * | K48: 137 | L48: 20 | M48: * | N48: * | O48: 191
B49: 1012680032184Female | C49: 101268003 | D49: Uniontown Area SD | E49: Uniontown Area SHS | F49: 2184 | G49: Female | H49: * | I49: 59 | J49: 17 | K49: 265 | L49: 34 | M49: * | N49: * | O49: 383
B50: 1012680032184Male | C50: 101268003 | D50: Uniontown Area SD | E50: Uniontown Area SHS | F50: 2184 | G50: Male | I50: 52 | J50: * | K50: 281 | L50: 25 | N50: * | O50: 372
B51: 1012680032184Total | C51: 101268003 | D51: Uniontown Area SD | E51: Uniontown Area SHS Total | F51: 2184 | G51: Total | H51: * | I51: 111 | J51: 27 | K51: 546 | L51: 59 | M51: * | N51: * | O51: 755
B52: 1012680037934Female | C52: 101268003 | D52: Uniontown Area SD | E52: Lafayette MS | F52: 7934 | G52: Female | I52: 13 | J52: * | K52: 37 | L52: * | O52: 59
B53: 1012680037934Male | C53: 101268003 | D53: Uniontown Area SD | E53: Lafayette MS | F53: 7934 | G53: Male | I53: * | J53: * | K53: 22 | L53: * | N53: * | O53: 40
B54: 1012680037934Total | C54: 101268003 | D54: Uniontown Area SD | E54: Lafayette MS Total | F54: 7934 | G54: Total | I54: 22 | J54: * | K54: 59 | L54: * | N54: * | O54: 99
B55: 1013013037112Female | C55: 101301303 | D55: Carmichaels Area SD | E55: Carmichaels Area HS | F55: 7112 | G55: Female | K55: 142 | L55: * | M55: * | N55: * | O55: 151
B56: 1013013037112Male | C56: 101301303 | D56: Carmichaels Area SD | E56: Carmichaels Area HS | F56: 7112 | G56: Male | K56: 125 | L56: * | O56: 127
B57: 1013013037112Total | C57: 101301303 | D57: Carmichaels Area SD | E57: Carmichaels Area HS Total | F57: 7112 | G57: Total | K57: 267 | L57: * | M57: * | N57: * | O57: 278
B58: 1013013038345Female | C58: 101301303 | D58: Carmichaels Area SD | E58: Carmichaels Area MS | F58: 8345 | G58: Female | I58: * | K58: 63 | L58: * | M58: * | O58: 68
B59: 1013013038345Male | C59: 101301303 | D59: Carmichaels Area SD | E59: Carmichaels Area MS | F59: 8345 | G59: Male | K59: 62 | L59: * | M59: * | O59: 64
B60: 1013013038345Total | C60: 101301303 | D60: Carmichaels Area SD | E60: Carmichaels Area MS Total | F60: 8345 | G60: Total | I60: * | K60: 125 | L60: * | M60: * | O60: 132
B61: 1013014035118Female | C61: 101301403 | D61: Central Greene SD | E61: Waynesburg Central JSHS | F61: 5118 | G61: Female | H61: * | I61: * | J61: * | K61: 287 | L61: * | M61: * | O61: 302
B62: 1013014035118Male | C62: 101301403 | D62: Central Greene SD | E62: Waynesburg Central JSHS | F62: 5118 | G62: Male | H62: * | I62: * | J62: * | K62: 336 | L62: * | M62: * | N62: * | O62: 350
B63: 1013014035118Total | C63: 101301403 | D63: Central Greene SD | E63: Waynesburg Central JSHS Total | F63: 5118 | G63: Total | H63: * | I63: * | J63: * | K63: 623 | L63: * | M63: * | N63: * | O63: 652
B64: 1013035032280Female | C64: 101303503 | D64: Jefferson-Morgan SD | E64: Jefferson-Morgan MS/HS | F64: 2280 | G64: Female | I64: * | K64: 166 | L64: * | O64: 171
B65: 1013035032280Male | C65: 101303503 | D65: Jefferson-Morgan SD | E65: Jefferson-Morgan MS/HS | F65: 2280 | G65: Male | H65: * | I65: * | J65: * | K65: 190 | L65: * | O65: 203
B66: 1013035032280Total | C66: 101303503 | D66: Jefferson-Morgan SD | E66: Jefferson-Morgan MS/HS Total | F66: 2280 | G66: Total | H66: * | I66: * | J66: * | K66: 356 | L66: 12 | O66: 374
B67: 1013065032284Female | C67: 101306503 | D67: Southeastern Greene SD | E67: Mapletown JSHS | F67: 2284 | G67: Female | J67: * | K67: 103 | M67: * | O67: 105
B68: 1013065032284Male | C68: 101306503 | D68: Southeastern Greene SD | E68: Mapletown JSHS | F68: 2284 | G68: Male | J68: * | K68: 128 | L68: * | O68: 134
B69: 1013065032284Total | C69: 101306503 | D69: Southeastern Greene SD | E69: Mapletown JSHS Total | F69: 2284 | G69: Total | J69: * | K69: 231 | L69: * | M69: * | O69: 239
B70: 1013085038442Female | C70: 101308503 | D70: West Greene SD | E70: West Greene Middle-Senior HS | F70: 8442 | G70: Female | K70: 126 | O70: 126
B71: 1013085038442Male | C71: 101308503 | D71: West Greene SD | E71: West Greene Middle-Senior HS | F71: 8442 | G71: Male | K71: 165 | O71: 165
B72: 1013085038442Total | C72: 101308503 | D72: West Greene SD | E72: West Greene Middle-Senior HS Total | F72: 8442 | G72: Total | K72: 291 | O72: 291
B73: 1016305044165Female | C73: 101630504 | D73: Avella Area SD | E73: Avella Area JSHS | F73: 4165 | G73: Female | I73: * | J73: * | K73: 96 | L73: * | O73: 104
B74: 1016305044165Male | C74: 101630504 | D74: Avella Area SD | E74: Avella Area JSHS | F74: 4165 | G74: Male | I74: * | K74: 113 | L74: * | O74: 119
B75: 1016305044165Total | C75: 101630504 | D75: Avella Area SD | E75: Avella Area JSHS Total | F75: 4165 | G75: Total | I75: * | J75: * | K75: 209 | L75: * | O75: 223
B76: 1016309034188Female | C76: 101630903 | D76: Bentworth SD | E76: Bentworth SHS | F76: 4188 | G76: Female | I76: * | J76: * | K76: 170 | L76: * | O76: 181
B77: 1016309034188Male | C77: 101630903 | D77: Bentworth SD | E77: Bentworth SHS | F77: 4188 | G77: Male | I77: * | J77: * | K77: 172 | L77: * | M77: * | O77: 185
B78: 1016309034188Total | C78: 101630903 | D78: Bentworth SD | E78: Bentworth SHS Total | F78: 4188 | G78: Total | I78: * | J78: * | K78: 342 | L78: 16 | M78: * | O78: 366
B79: 1016309037988Female | C79: 101630903 | D79: Bentworth SD | E79: Bentworth MS | F79: 7988 | G79: Female | I79: * | J79: * | K79: 71 | L79: * | M79: * | O79: 83
B80: 1016309037988Male | C80: 101630903 | D80: Bentworth SD | E80: Bentworth MS | F80: 7988 | G80: Male | I80: * | J80: * | K80: 61 | L80: * | O80: 72
B81: 1016309037988Total | C81: 101630903 | D81: Bentworth SD | E81: Bentworth MS Total | F81: 7988 | G81: Total | I81: * | J81: * | K81: 132 | L81: 15 | M81: * | O81: 155
B82: 1016310034181Female | C82: 101631003 | D82: Bethlehem-Center SD | E82: Bethlehem-Center JSHS | F82: 4181 | G82: Female | I82: * | J82: * | K82: 187 | L82: * | O82: 200
B83: 1016310034181Male | C83: 101631003 | D83: Bethlehem-Center SD | E83: Bethlehem-Center JSHS | F83: 4181 | G83: Male | I83: * | K83: 220 | L83: * | M83: * | O83: 237
B84: 1016310034181Total | C84: 101631003 | D84: Bethlehem-Center SD | E84: Bethlehem-Center JSHS Total | F84: 4181 | G84: Total | I84: 12 | J84: * | K84: 407 | L84: 16 | M84: * | O84: 437
B85: 1016312034195Female | C85: 101631203 | D85: Burgettstown Area SD | E85: Burgettstown MS/HS | F85: 4195 | G85: Female | I85: * | K85: 204 | L85: * | M85: * | O85: 213
B86: 1016312034195Male | C86: 101631203 | D86: Burgettstown Area SD | E86: Burgettstown MS/HS | F86: 4195 | G86: Male | I86: * | J86: * | K86: 189 | L86: 11 | O86: 203
B87: 1016312034195Total | C87: 101631203 | D87: Burgettstown Area SD | E87: Burgettstown MS/HS Total | F87: 4195 | G87: Total | I87: * | J87: * | K87: 393 | L87: 18 | M87: * | O87: 416
B88: 1016315034203Female | C88: 101631503 | D88: California Area SD | E88: California Area SHS | F88: 4203 | G88: Female | I88: * | J88: * | K88: 115 | L88: 12 | O88: 135
B89: 1016315034203Male | C89: 101631503 | D89: California Area SD | E89: California Area SHS | F89: 4203 | G89: Male | I89: * | J89: * | K89: 119 | L89: * | M89: * | O89: 144
B90: 1016315034203Total | C90: 101631503 | D90: California Area SD | E90: California Area SHS Total | F90: 4203 | G90: Total | I90: 13 | J90: * | K90: 234 | L90: 22 | M90: * | O90: 279
B91: 1016315036939Female | C91: 101631503 | D91: California Area SD | E91: California Area MS | F91: 6939 | G91: Female | I91: * | J91: * | K91: 49 | L91: * | O91: 67
B92: 1016315036939Male | C92: 101631503 | D92: California Area SD | E92: California Area MS | F92: 6939 | G92: Male | I92: * | J92: * | K92: 70 | L92: * | O92: 86
B93: 1016315036939Total | C93: 101631503 | D93: California Area SD | E93: California Area MS Total | F93: 6939 | G93: Total | I93: * | J93: 11 | K93: 119 | L93: 16 | O93: 153
B94: 1016317034217Female | C94: 101631703 | D94: Canon-McMillan SD | E94: Canon-McMillan SHS | F94: 4217 | G94: Female | H94: * | I94: 25 | J94: 29 | K94: 711 | L94: 44 | M94: 25 | N94: * | O94: 836
B95: 1016317034217Male | C95: 101631703 | D95: Canon-McMillan SD | E95: Canon-McMillan SHS | F95: 4217 | G95: Male | H95: * | I95: 40 | J95: 27 | K95: 712 | L95: 49 | M95: 24 | O95: 856
B96: 1016317034217Total | C96: 101631703 | D96: Canon-McMillan SD | E96: Canon-McMillan SHS Total | F96: 4217 | G96: Total | H96: * | I96: 65 | J96: 56 | K96: 1423 | L96: 93 | M96: 49 | N96: * | O96: 1692
B97: 1016317037217Female | C97: 101631703 | D97: Canon-McMillan SD | E97: Canon-McMillan MS | F97: 7217 | G97: Female | I97: * | J97: 16 | K97: 339 | L97: 24 | M97: 15 | O97: 404
B98: 1016317037217Male | C98: 101631703 | D98: Canon-McMillan SD | E98: Canon-McMillan MS | F98: 7217 | G98: Male | I98: 18 | J98: 15 | K98: 370 | L98: 25 | M98: 15 | O98: 443
B99: 1016317037217Total | C99: 101631703 | D99: Canon-McMillan SD | E99: Canon-McMillan MS Total | F99: 7217 | G99: Total | I99: 28 | J99: 31 | K99: 709 | L99: 49 | M99: 30 | O99: 847
B100: 1016318034715Female | C100: 101631803 | D100: Charleroi SD | E100: Charleroi Area HS | F100: 4715 | G100: Female | I100: 30 | J100: * | K100: 146 | L100: 34 | M100: * | O100: 216
B101: 1016318034715Male | C101: 101631803 | D101: Charleroi SD | E101: Charleroi Area HS | F101: 4715 | G101: Male | H101: * | I101: 26 | J101: * | K101: 161 | L101: 28 | M101: * | O101: 225
...
